Workbook
Name ChoixCPT: 'Ventilation par compte'!#REF!
Name Compte: SAISIE!$D$1:$D$287
Name COMPTES: 'N° des Comptes'!$F$1:$F$42

Sheet SAISIE
A1: Date | B1: Section | C1: Désignation de l'opération | D1: Compte | E1: B / L | F1: Règlement | G1: Relevé Banque | H1: Montant | K1: b CIN | L1: l CIN | M1: 421000 | N1: 431100 | O1: 437300 | P1: 437350 | Q1: 437400 | R1: 437800 | S1: 442100 | T1: 467010 | U1: 467020 | V1: 467030 | W1: 467050 | X1: 467080 | Y1: 467100 | Z1: 467110 | AA1: 467120 | AB1: 467130 | AC1: 467140 | AD1: 467180 | AE1: 467190 | AF1: 467220 | AG1: 471000 | AH1: 580000 | AI1: 606400 | AJ1: 615500 | AK1: 616000 | AL1: 618500 | AM1: 622600 | AN1: 625700 | AO1: 626000 | AP1: 626500 | AQ1: 627800 | AR1: 641100 | AS1: 645100 | AT1: 645300 | AU1: 645350 | AV1: 645400 | AW1: 645800 | AX1: 648000 | AY1: 791180 | AZ1: 791181 | BA1: 791240
A2: 43710 | B2: Comité directeur | C2: Virt du Cpte Livret | D2: 580000 | E2: b CIN | F2: Virement | G2: 1909 | H2: 10000 | I2: =D2&"_"&COUNTIF($D$1:D2,D2) -> 580000_1 | K2: =IF(SAISIE!$E2="b CIN",ROW(),"") -> 2 | L2: =IF(SAISIE!$E2="l CIN",ROW(),"") | M2: =IF(Compte=M$1,ROW(),"") | N2: =IF(Compte=N$1,ROW(),"") | O2: =IF(Compte=O$1,ROW(),"") | P2: =IF(Compte=P$1,ROW(),"") | Q2: =IF(Compte=Q$1,ROW(),"") | R2: =IF(Compte=R$1,ROW(),"") | S2: =IF(Compte=S$1,ROW(),"") | T2: =IF(Compte=T$1,ROW(),"") | ... BA2: =IF(Compte=BA$1,ROW(),"")
A3: 43710 | B3: Comité directeur | C3: Virt au Cpte Courant | D3: 580000 | E3: l CIN | F3: Virement | G3: 1909 | H3: 10000 | I3: =D3&"_"&COUNTIF($D$1:D3,D3) -> 580000_2 | K3: =IF(SAISIE!$E3="b CIN",ROW(),"") | L3: =IF(SAISIE!$E3="l CIN",ROW(),"") -> 3 | M3: =IF(Compte=M$1,ROW(),"") | N3: =IF(Compte=N$1,ROW(),"") | O3: =IF(Compte=O$1,ROW(),"") | P3: =IF(Compte=P$1,ROW(),"") | Q3: =IF(Compte=Q$1,ROW(),"") | R3: =IF(Compte=R$1,ROW(),"") | S3: =IF(Compte=S$1,ROW(),"") | T3: =IF(Compte=T$1,ROW(),"") | ... BA3: =IF(Compte=BA$1,ROW(),"")
A4: 43710 | B4: Athlétisme | C4: Subv 2018-2019 | D4: 467010 | E4: b CIN | F4: Virement | G4: 1909 | I4: =D4&"_"&COUNTIF($D$1:D4,D4) -> 467010_1 | K4: =IF(SAISIE!$E4="b CIN",ROW(),"") -> 4 | L4: =IF(SAISIE!$E4="l CIN",ROW(),"") | M4: =IF(Compte=M$1,ROW(),"") | N4: =IF(Compte=N$1,ROW(),"") | O4: =IF(Compte=O$1,ROW(),"") | P4: =IF(Compte=P$1,ROW(),"") | Q4: =IF(Compte=Q$1,ROW(),"") | R4: =IF(Compte=R$1,ROW(),"") | S4: =IF(Compte=S$1,ROW(),"") | T4: =IF(Compte=T$1,ROW(),"") -> 4 | ... BA4: =IF(Compte=BA$1,ROW(),"")
A5: 43711 | B5: Natation | C5: Rbt location minibus FACT 54 | D5: 791180 | E5: b CIN | F5: Virement | G5: 1909 | I5: =D5&"_"&COUNTIF($D$1:D5,D5) -> 791180_1 | K5: =IF(SAISIE!$E5="b CIN",ROW(),"") -> 5 | L5: =IF(SAISIE!$E5="l CIN",ROW(),"") | M5: =IF(Compte=M$1,ROW(),"") | N5: =IF(Compte=N$1,ROW(),"") | O5: =IF(Compte=O$1,ROW(),"") | P5: =IF(Compte=P$1,ROW(),"") | Q5: =IF(Compte=Q$1,ROW(),"") | R5: =IF(Compte=R$1,ROW(),"") | S5: =IF(Compte=S$1,ROW(),"") | T5: =IF(Compte=T$1,ROW(),"") | ... BA5: =IF(Compte=BA$1,ROW(),"")
A6: 43711 | B6: Natation | C6: Rbt location minibus FACT 50 | D6: 791180 | E6: b CIN | F6: Virement | G6: 1909 | I6: =D6&"_"&COUNTIF($D$1:D6,D6) -> 791180_2 | K6: =IF(SAISIE!$E6="b CIN",ROW(),"") -> 6 | L6: =IF(SAISIE!$E6="l CIN",ROW(),"") | M6: =IF(Compte=M$1,ROW(),"") | N6: =IF(Compte=N$1,ROW(),"") | O6: =IF(Compte=O$1,ROW(),"") | P6: =IF(Compte=P$1,ROW(),"") | Q6: =IF(Compte=Q$1,ROW(),"") | R6: =IF(Compte=R$1,ROW(),"") | S6: =IF(Compte=S$1,ROW(),"") | T6: =IF(Compte=T$1,ROW(),"") | ... BA6: =IF(Compte=BA$1,ROW(),"")
A7: 43711 | B7: Natation | C7: Rbt URSSAF 1èr trim | D7: 467100 | E7: b CIN | F7: Virement | G7: 1909 | I7: =D7&"_"&COUNTIF($D$1:D7,D7) -> 467100_1 | K7: =IF(SAISIE!$E7="b CIN",ROW(),"") -> 7 | L7: =IF(SAISIE!$E7="l CIN",ROW(),"") | M7: =IF(Compte=M$1,ROW(),"") | N7: =IF(Compte=N$1,ROW(),"") | O7: =IF(Compte=O$1,ROW(),"") | P7: =IF(Compte=P$1,ROW(),"") | Q7: =IF(Compte=Q$1,ROW(),"") | R7: =IF(Compte=R$1,ROW(),"") | S7: =IF(Compte=S$1,ROW(),"") | T7: =IF(Compte=T$1,ROW(),"") | ... BA7: =IF(Compte=BA$1,ROW(),"")
A8: 43711 | B8: Natation | C8: Rbt Pole Emploi 1er trim | D8: 467110 | E8: b CIN | F8: Virement | G8: 1909 | I8: =D8&"_"&COUNTIF($D$1:D8,D8) -> 467110_1 | K8: =IF(SAISIE!$E8="b CIN",ROW(),"") -> 8 | L8: =IF(SAISIE!$E8="l CIN",ROW(),"") | M8: =IF(Compte=M$1,ROW(),"") | N8: =IF(Compte=N$1,ROW(),"") | O8: =IF(Compte=O$1,ROW(),"") | P8: =IF(Compte=P$1,ROW(),"") | Q8: =IF(Compte=Q$1,ROW(),"") | R8: =IF(Compte=R$1,ROW(),"") | S8: =IF(Compte=S$1,ROW(),"") | T8: =IF(Compte=T$1,ROW(),"") | ... BA8: =IF(Compte=BA$1,ROW(),"")
A9: 43711 | B9: Natation | C9: Rbt Humanis 1er trim | D9: 467120 | E9: b CIN | F9: Virement | G9: 1909 | I9: =D9&"_"&COUNTIF($D$1:D9,D9) -> 467120_1 | K9: =IF(SAISIE!$E9="b CIN",ROW(),"") -> 9 | L9: =IF(SAISIE!$E9="l CIN",ROW(),"") | M9: =IF(Compte=M$1,ROW(),"") | N9: =IF(Compte=N$1,ROW(),"") | O9: =IF(Compte=O$1,ROW(),"") | P9: =IF(Compte=P$1,ROW(),"") | Q9: =IF(Compte=Q$1,ROW(),"") | R9: =IF(Compte=R$1,ROW(),"") | S9: =IF(Compte=S$1,ROW(),"") | T9: =IF(Compte=T$1,ROW(),"") | ... BA9: =IF(Compte=BA$1,ROW(),"")
A10: 43711 | B10: Natation | C10: Rbt location minibus FACT 43 | D10: 791180 | E10: b CIN | F10: Virement | G10: 1909 | I10: =D10&"_"&COUNTIF($D$1:D10,D10) -> 791180_3 | K10: =IF(SAISIE!$E10="b CIN",ROW(),"") -> 10 | L10: =IF(SAISIE!$E10="l CIN",ROW(),"") | M10: =IF(Compte=M$1,ROW(),"") | N10: =IF(Compte=N$1,ROW(),"") | O10: =IF(Compte=O$1,ROW(),"") | P10: =IF(Compte=P$1,ROW(),"") | Q10: =IF(Compte=Q$1,ROW(),"") | R10: =IF(Compte=R$1,ROW(),"") | S10: =IF(Compte=S$1,ROW(),"") | T10: =IF(Compte=T$1,ROW(),"") | ... BA10: =IF(Compte=BA$1,ROW(),"")
A11: 43711 | B11: Natation | C11: Rbt URSSAF 2è trim | D11: 467100 | E11: b CIN | F11: Virement | G11: 1909 | I11: =D11&"_"&COUNTIF($D$1:D11,D11) -> 467100_2 | K11: =IF(SAISIE!$E11="b CIN",ROW(),"") -> 11 | L11: =IF(SAISIE!$E11="l CIN",ROW(),"") | M11: =IF(Compte=M$1,ROW(),"") | N11: =IF(Compte=N$1,ROW(),"") | O11: =IF(Compte=O$1,ROW(),"") | P11: =IF(Compte=P$1,ROW(),"") | Q11: =IF(Compte=Q$1,ROW(),"") | R11: =IF(Compte=R$1,ROW(),"") | S11: =IF(Compte=S$1,ROW(),"") | T11: =IF(Compte=T$1,ROW(),"") | ... BA11: =IF(Compte=BA$1,ROW(),"")
A12: 43711 | B12: Natation | C12: Rbt Pole Emploi 2è trim | D12: 467110 | E12: b CIN | F12: Virement | G12: 1909 | I12: =D12&"_"&COUNTIF($D$1:D12,D12) -> 467110_2 | K12: =IF(SAISIE!$E12="b CIN",ROW(),"") -> 12 | L12: =IF(SAISIE!$E12="l CIN",ROW(),"") | M12: =IF(Compte=M$1,ROW(),"") | N12: =IF(Compte=N$1,ROW(),"") | O12: =IF(Compte=O$1,ROW(),"") | P12: =IF(Compte=P$1,ROW(),"") | Q12: =IF(Compte=Q$1,ROW(),"") | R12: =IF(Compte=R$1,ROW(),"") | S12: =IF(Compte=S$1,ROW(),"") | T12: =IF(Compte=T$1,ROW(),"") | ... BA12: =IF(Compte=BA$1,ROW(),"")
A13: 43711 | B13: Natation | C13: Rbt Humanis 2è trim | D13: 467120 | E13: b CIN | F13: Virement | G13: 1909 | I13: =D13&"_"&COUNTIF($D$1:D13,D13) -> 467120_2 | K13: =IF(SAISIE!$E13="b CIN",ROW(),"") -> 13 | L13: =IF(SAISIE!$E13="l CIN",ROW(),"") | M13: =IF(Compte=M$1,ROW(),"") | N13: =IF(Compte=N$1,ROW(),"") | O13: =IF(Compte=O$1,ROW(),"") | P13: =IF(Compte=P$1,ROW(),"") | Q13: =IF(Compte=Q$1,ROW(),"") | R13: =IF(Compte=R$1,ROW(),"") | S13: =IF(Compte=S$1,ROW(),"") | T13: =IF(Compte=T$1,ROW(),"") | ... BA13: =IF(Compte=BA$1,ROW(),"")
A14: 43711 | B14: Natation | C14: Rbt Chorum 2eme trim | D14: 467140 | E14: b CIN | F14: Virement | G14: 1909 | I14: =D14&"_"&COUNTIF($D$1:D14,D14) -> 467140_1 | K14: =IF(SAISIE!$E14="b CIN",ROW(),"") -> 14 | L14: =IF(SAISIE!$E14="l CIN",ROW(),"") | M14: =IF(Compte=M$1,ROW(),"") | N14: =IF(Compte=N$1,ROW(),"") | O14: =IF(Compte=O$1,ROW(),"") | P14: =IF(Compte=P$1,ROW(),"") | Q14: =IF(Compte=Q$1,ROW(),"") | R14: =IF(Compte=R$1,ROW(),"") | S14: =IF(Compte=S$1,ROW(),"") | T14: =IF(Compte=T$1,ROW(),"") | ... BA14: =IF(Compte=BA$1,ROW(),"")
A15: 43711 | B15: Natation | C15: Rbt location minibus FACT 47 | D15: 791180 | E15: b CIN | F15: Virement | G15: 1909 | I15: =D15&"_"&COUNTIF($D$1:D15,D15) -> 791180_4 | K15: =IF(SAISIE!$E15="b CIN",ROW(),"") -> 15 | L15: =IF(SAISIE!$E15="l CIN",ROW(),"") | M15: =IF(Compte=M$1,ROW(),"") | N15: =IF(Compte=N$1,ROW(),"") | O15: =IF(Compte=O$1,ROW(),"") | P15: =IF(Compte=P$1,ROW(),"") | Q15: =IF(Compte=Q$1,ROW(),"") | R15: =IF(Compte=R$1,ROW(),"") | S15: =IF(Compte=S$1,ROW(),"") | T15: =IF(Compte=T$1,ROW(),"") | ... BA15: =IF(Compte=BA$1,ROW(),"")
... A27: 43720 | B27: Basket | C27: Subvention CNDS Emilie Basket | D27: 467080 | E27: b CIN | F27: Virement | G27: 1909 | I27: =D27&"_"&COUNTIF($D$1:D27,D27) -> 467080_1 | K27: =IF(SAISIE!$E27="b CIN",ROW(),"") -> 27 | L27: =IF(SAISIE!$E27="l CIN",ROW(),"") | M27: =IF(Compte=M$1,ROW(),"") | N27: =IF(Compte=N$1,ROW(),"") | O27: =IF(Compte=O$1,ROW(),"") | P27: =IF(Compte=P$1,ROW(),"") | Q27: =IF(Compte=Q$1,ROW(),"") | R27: =IF(Compte=R$1,ROW(),"") | S27: =IF(Compte=S$1,ROW(),"") | T27: =IF(Compte=T$1,ROW(),"") | ... BA27: =IF(Compte=BA$1,ROW(),"")
A28: 43720 | C28: ADREA Mutuelle | D28: 467180 | E28: b CIN | F28: Prélèvement | G28: 1909 | I28: =D28&"_"&COUNTIF($D$1:D28,D28) -> 467180_1 | K28: =IF(SAISIE!$E28="b CIN",ROW(),"") -> 28 | L28: =IF(SAISIE!$E28="l CIN",ROW(),"") | M28: =IF(Compte=M$1,ROW(),"") | N28: =IF(Compte=N$1,ROW(),"") | O28: =IF(Compte=O$1,ROW(),"") | P28: =IF(Compte=P$1,ROW(),"") | Q28: =IF(Compte=Q$1,ROW(),"") | R28: =IF(Compte=R$1,ROW(),"") | S28: =IF(Compte=S$1,ROW(),"") | T28: =IF(Compte=T$1,ROW(),"") | ... BA28: =IF(Compte=BA$1,ROW(),"")
A29: 43720 | B29: Comité directeur | C29: ADREA Mutuelle | D29: 437800 | E29: b CIN | F29: Prélèvement | G29: 1909 | I29: =D29&"_"&COUNTIF($D$1:D29,D29) -> 437800_1 | K29: =IF(SAISIE!$E29="b CIN",ROW(),"") -> 29 | L29: =IF(SAISIE!$E29="l CIN",ROW(),"") | M29: =IF(Compte=M$1,ROW(),"") | N29: =IF(Compte=N$1,ROW(),"") | O29: =IF(Compte=O$1,ROW(),"") | P29: =IF(Compte=P$1,ROW(),"") | Q29: =IF(Compte=Q$1,ROW(),"") | R29: =IF(Compte=R$1,ROW(),"") -> 29 | S29: =IF(Compte=S$1,ROW(),"") | T29: =IF(Compte=T$1,ROW(),"") | ... BA29: =IF(Compte=BA$1,ROW(),"")
A30: 43720 | B30: Comité directeur | C30: Arrondi ADREA Mutuelle | D30: 645800 | E30: b CIN | F30: Prélèvement | G30: 1909 | I30: =D30&"_"&COUNTIF($D$1:D30,D30) -> 645800_1 | K30: =IF(SAISIE!$E30="b CIN",ROW(),"") -> 30 | L30: =IF(SAISIE!$E30="l CIN",ROW(),"") | M30: =IF(Compte=M$1,ROW(),"") | N30: =IF(Compte=N$1,ROW(),"") | O30: =IF(Compte=O$1,ROW(),"") | P30: =IF(Compte=P$1,ROW(),"") | Q30: =IF(Compte=Q$1,ROW(),"") | R30: =IF(Compte=R$1,ROW(),"") | S30: =IF(Compte=S$1,ROW(),"") | T30: =IF(Compte=T$1,ROW(),"") | ... BA30: =IF(Compte=BA$1,ROW(),"")
A31: 43720 | B31: Comité directeur | C31: ENCRE MARKET : papeterie | D31: 606400 | E31: b CIN | F31: CB | G31: 1909 | I31: =D31&"_"&COUNTIF($D$1:D31,D31) -> 606400_1 | K31: =IF(SAISIE!$E31="b CIN",ROW(),"") -> 31 | L31: =IF(SAISIE!$E31="l CIN",ROW(),"") | M31: =IF(Compte=M$1,ROW(),"") | N31: =IF(Compte=N$1,ROW(),"") | O31: =IF(Compte=O$1,ROW(),"") | P31: =IF(Compte=P$1,ROW(),"") | Q31: =IF(Compte=Q$1,ROW(),"") | R31: =IF(Compte=R$1,ROW(),"") | S31: =IF(Compte=S$1,ROW(),"") | T31: =IF(Compte=T$1,ROW(),"") | ... BA31: =IF(Compte=BA$1,ROW(),"")
A32: 43724 | B32: Athlétisme | C32: Subv 2018-2019 | D32: 467010 | E32: b CIN | F32: Virement | G32: 1909 | I32: =D32&"_"&COUNTIF($D$1:D32,D32) -> 467010_5 | K32: =IF(SAISIE!$E32="b CIN",ROW(),"") -> 32 | L32: =IF(SAISIE!$E32="l CIN",ROW(),"") | M32: =IF(Compte=M$1,ROW(),"") | N32: =IF(Compte=N$1,ROW(),"") | O32: =IF(Compte=O$1,ROW(),"") | P32: =IF(Compte=P$1,ROW(),"") | Q32: =IF(Compte=Q$1,ROW(),"") | R32: =IF(Compte=R$1,ROW(),"") | S32: =IF(Compte=S$1,ROW(),"") | T32: =IF(Compte=T$1,ROW(),"") -> 32 | ... BA32: =IF(Compte=BA$1,ROW(),"")
A33: 43725 | C33: URSSAF 08 – 2019 | D33: 467100 | E33: b CIN | F33: Prélèvement | G33: 1909 | I33: =D33&"_"&COUNTIF($D$1:D33,D33) -> 467100_3 | K33: =IF(SAISIE!$E33="b CIN",ROW(),"") -> 33 | L33: =IF(SAISIE!$E33="l CIN",ROW(),"") | M33: =IF(Compte=M$1,ROW(),"") | N33: =IF(Compte=N$1,ROW(),"") | O33: =IF(Compte=O$1,ROW(),"") | P33: =IF(Compte=P$1,ROW(),"") | Q33: =IF(Compte=Q$1,ROW(),"") | R33: =IF(Compte=R$1,ROW(),"") | S33: =IF(Compte=S$1,ROW(),"") | T33: =IF(Compte=T$1,ROW(),"") | ... BA33: =IF(Compte=BA$1,ROW(),"")
A34: 43725 | B34: Comité directeur | C34: URSSAF 08 – 2019 | D34: 431100 | E34: b CIN | F34: Prélèvement | G34: 1909 | I34: =D34&"_"&COUNTIF($D$1:D34,D34) -> 431100_1 | K34: =IF(SAISIE!$E34="b CIN",ROW(),"") -> 34 | L34: =IF(SAISIE!$E34="l CIN",ROW(),"") | M34: =IF(Compte=M$1,ROW(),"") | N34: =IF(Compte=N$1,ROW(),"") -> 34 | O34: =IF(Compte=O$1,ROW(),"") | P34: =IF(Compte=P$1,ROW(),"") | Q34: =IF(Compte=Q$1,ROW(),"") | R34: =IF(Compte=R$1,ROW(),"") | S34: =IF(Compte=S$1,ROW(),"") | T34: =IF(Compte=T$1,ROW(),"") | ... BA34: =IF(Compte=BA$1,ROW(),"")
A35: 43725 | C35: Pole Emploi 08 – 2019 | D35: 467110 | E35: b CIN | F35: Prélèvement | G35: 1909 | I35: =D35&"_"&COUNTIF($D$1:D35,D35) -> 467110_3 | K35: =IF(SAISIE!$E35="b CIN",ROW(),"") -> 35 | L35: =IF(SAISIE!$E35="l CIN",ROW(),"") | M35: =IF(Compte=M$1,ROW(),"") | N35: =IF(Compte=N$1,ROW(),"") | O35: =IF(Compte=O$1,ROW(),"") | P35: =IF(Compte=P$1,ROW(),"") | Q35: =IF(Compte=Q$1,ROW(),"") | R35: =IF(Compte=R$1,ROW(),"") | S35: =IF(Compte=S$1,ROW(),"") | T35: =IF(Compte=T$1,ROW(),"") | ... BA35: =IF(Compte=BA$1,ROW(),"")
A36: 43725 | B36: Comité directeur | C36: Pole Emploi 08 – 2019 | D36: 437400 | E36: b CIN | F36: Prélèvement | G36: 1909 | I36: =D36&"_"&COUNTIF($D$1:D36,D36) -> 437400_1 | K36: =IF(SAISIE!$E36="b CIN",ROW(),"") -> 36 | L36: =IF(SAISIE!$E36="l CIN",ROW(),"") | M36: =IF(Compte=M$1,ROW(),"") | N36: =IF(Compte=N$1,ROW(),"") | O36: =IF(Compte=O$1,ROW(),"") | P36: =IF(Compte=P$1,ROW(),"") | Q36: =IF(Compte=Q$1,ROW(),"") -> 36 | R36: =IF(Compte=R$1,ROW(),"") | S36: =IF(Compte=S$1,ROW(),"") | T36: =IF(Compte=T$1,ROW(),"") | ... BA36: =IF(Compte=BA$1,ROW(),"")
A37: 43725 | B37: Comité directeur | C37: Arrondi URSSAF 08 – 2019 | D37: 645100 | E37: b CIN | F37: Prélèvement | G37: 1909 | I37: =D37&"_"&COUNTIF($D$1:D37,D37) -> 645100_1 | K37: =IF(SAISIE!$E37="b CIN",ROW(),"") -> 37 | L37: =IF(SAISIE!$E37="l CIN",ROW(),"") | M37: =IF(Compte=M$1,ROW(),"") | N37: =IF(Compte=N$1,ROW(),"") | O37: =IF(Compte=O$1,ROW(),"") | P37: =IF(Compte=P$1,ROW(),"") | Q37: =IF(Compte=Q$1,ROW(),"") | R37: =IF(Compte=R$1,ROW(),"") | S37: =IF(Compte=S$1,ROW(),"") | T37: =IF(Compte=T$1,ROW(),"") | ... BA37: =IF(Compte=BA$1,ROW(),"")
A38: 43725 | B38: Escrime | C38: Subv 2018-2019 | D38: 467010 | E38: b CIN | F38: Virement | G38: 1909 | I38: =D38&"_"&COUNTIF($D$1:D38,D38) -> 467010_6 | K38: =IF(SAISIE!$E38="b CIN",ROW(),"") -> 38 | L38: =IF(SAISIE!$E38="l CIN",ROW(),"") | M38: =IF(Compte=M$1,ROW(),"") | N38: =IF(Compte=N$1,ROW(),"") | O38: =IF(Compte=O$1,ROW(),"") | P38: =IF(Compte=P$1,ROW(),"") | Q38: =IF(Compte=Q$1,ROW(),"") | R38: =IF(Compte=R$1,ROW(),"") | S38: =IF(Compte=S$1,ROW(),"") | T38: =IF(Compte=T$1,ROW(),"") -> 38 | ... BA38: =IF(Compte=BA$1,ROW(),"")
A39: 43725 | B39: Comité directeur | C39: Virt du Cpte Livret | D39: 580000 | E39: b CIN | F39: Virement | G39: 1909 | I39: =D39&"_"&COUNTIF($D$1:D39,D39) -> 580000_5 | K39: =IF(SAISIE!$E39="b CIN",ROW(),"") -> 39 | L39: =IF(SAISIE!$E39="l CIN",ROW(),"") | M39: =IF(Compte=M$1,ROW(),"") | N39: =IF(Compte=N$1,ROW(),"") | O39: =IF(Compte=O$1,ROW(),"") | P39: =IF(Compte=P$1,ROW(),"") | Q39: =IF(Compte=Q$1,ROW(),"") | R39: =IF(Compte=R$1,ROW(),"") | S39: =IF(Compte=S$1,ROW(),"") | T39: =IF(Compte=T$1,ROW(),"") | ... BA39: =IF(Compte=BA$1,ROW(),"")
A40: 43725 | B40: Comité directeur | C40: Virt au Cpte Courant | D40: 580000 | E40: l CIN | F40: Virement | G40: 1909 | I40: =D40&"_"&COUNTIF($D$1:D40,D40) -> 580000_6 | K40: =IF(SAISIE!$E40="b CIN",ROW(),"") | L40: =IF(SAISIE!$E40="l CIN",ROW(),"") -> 40 | M40: =IF(Compte=M$1,ROW(),"") | N40: =IF(Compte=N$1,ROW(),"") | O40: =IF(Compte=O$1,ROW(),"") | P40: =IF(Compte=P$1,ROW(),"") | Q40: =IF(Compte=Q$1,ROW(),"") | R40: =IF(Compte=R$1,ROW(),"") | S40: =IF(Compte=S$1,ROW(),"") | T40: =IF(Compte=T$1,ROW(),"") | ... BA40: =IF(Compte=BA$1,ROW(),"")
A41: 43728 | B41: Badminton | C41: Rbt Chorum 2eme trim | D41: 467140 | E41: b CIN | F41: Virement | G41: 1909 | I41: =D41&"_"&COUNTIF($D$1:D41,D41) -> 467140_2 | K41: =IF(SAISIE!$E41="b CIN",ROW(),"") -> 41 | L41: =IF(SAISIE!$E41="l CIN",ROW(),"") | M41: =IF(Compte=M$1,ROW(),"") | N41: =IF(Compte=N$1,ROW(),"") | O41: =IF(Compte=O$1,ROW(),"") | P41: =IF(Compte=P$1,ROW(),"") | Q41: =IF(Compte=Q$1,ROW(),"") | R41: =IF(Compte=R$1,ROW(),"") | S41: =IF(Compte=S$1,ROW(),"") | T41: =IF(Compte=T$1,ROW(),"") | ... BA41: =IF(Compte=BA$1,ROW(),"")
A42: 43729 | B42: Natation | C42: Subv 2018-2019 | D42: 467010 | E42: b CIN | F42: Virement | G42: 1909 | I42: =D42&"_"&COUNTIF($D$1:D42,D42) -> 467010_7 | K42: =IF(SAISIE!$E42="b CIN",ROW(),"") -> 42 | L42: =IF(SAISIE!$E42="l CIN",ROW(),"") | M42: =IF(Compte=M$1,ROW(),"") | N42: =IF(Compte=N$1,ROW(),"") | O42: =IF(Compte=O$1,ROW(),"") | P42: =IF(Compte=P$1,ROW(),"") | Q42: =IF(Compte=Q$1,ROW(),"") | R42: =IF(Compte=R$1,ROW(),"") | S42: =IF(Compte=S$1,ROW(),"") | T42: =IF(Compte=T$1,ROW(),"") -> 42 | ... BA42: =IF(Compte=BA$1,ROW(),"")
A43: 43731 | B43: Basket | C43: TAP FACT 00004 (21/01 au 05/07) | D43: 467190 | E43: b CIN | F43: Virement | G43: 1909 | I43: =D43&"_"&COUNTIF($D$1:D43,D43) -> 467190_1 | K43: =IF(SAISIE!$E43="b CIN",ROW(),"") -> 43 | L43: =IF(SAISIE!$E43="l CIN",ROW(),"") | M43: =IF(Compte=M$1,ROW(),"") | N43: =IF(Compte=N$1,ROW(),"") | O43: =IF(Compte=O$1,ROW(),"") | P43: =IF(Compte=P$1,ROW(),"") | Q43: =IF(Compte=Q$1,ROW(),"") | R43: =IF(Compte=R$1,ROW(),"") | S43: =IF(Compte=S$1,ROW(),"") | T43: =IF(Compte=T$1,ROW(),"") | ... BA43: =IF(Compte=BA$1,ROW(),"")
A44: 43731 | B44: Hockey | C44: TAP FACT 00005 (21/01 au 05/07) | D44: 791240 | E44: b CIN | F44: Virement | G44: 1909 | I44: =D44&"_"&COUNTIF($D$1:D44,D44) -> 791240_1 | K44: =IF(SAISIE!$E44="b CIN",ROW(),"") -> 44 | L44: =IF(SAISIE!$E44="l CIN",ROW(),"") | M44: =IF(Compte=M$1,ROW(),"") | N44: =IF(Compte=N$1,ROW(),"") | O44: =IF(Compte=O$1,ROW(),"") | P44: =IF(Compte=P$1,ROW(),"") | Q44: =IF(Compte=Q$1,ROW(),"") | R44: =IF(Compte=R$1,ROW(),"") | S44: =IF(Compte=S$1,ROW(),"") | T44: =IF(Compte=T$1,ROW(),"") | ... BA44: =IF(Compte=BA$1,ROW(),"") -> 44
A45: 43731 | B45: Tennis | C45: TAP FACT 00006 (21/01 au 05/07) | D45: 467190 | E45: b CIN | F45: Virement | G45: 1909 | I45: =D45&"_"&COUNTIF($D$1:D45,D45) -> 467190_2 | K45: =IF(SAISIE!$E45="b CIN",ROW(),"") -> 45 | L45: =IF(SAISIE!$E45="l CIN",ROW(),"") | M45: =IF(Compte=M$1,ROW(),"") | N45: =IF(Compte=N$1,ROW(),"") | O45: =IF(Compte=O$1,ROW(),"") | P45: =IF(Compte=P$1,ROW(),"") | Q45: =IF(Compte=Q$1,ROW(),"") | R45: =IF(Compte=R$1,ROW(),"") | S45: =IF(Compte=S$1,ROW(),"") | T45: =IF(Compte=T$1,ROW(),"") | ... BA45: =IF(Compte=BA$1,ROW(),"")
A46: 43732 | B46: Comité directeur | C46: DGFIP Prel à la source | D46: 442100 | E46: b CIN | F46: Prélèvement | G46: 1909 | I46: =D46&"_"&COUNTIF($D$1:D46,D46) -> 442100_1 | K46: =IF(SAISIE!$E46="b CIN",ROW(),"") -> 46 | L46: =IF(SAISIE!$E46="l CIN",ROW(),"") | M46: =IF(Compte=M$1,ROW(),"") | N46: =IF(Compte=N$1,ROW(),"") | O46: =IF(Compte=O$1,ROW(),"") | P46: =IF(Compte=P$1,ROW(),"") | Q46: =IF(Compte=Q$1,ROW(),"") | R46: =IF(Compte=R$1,ROW(),"") | S46: =IF(Compte=S$1,ROW(),"") -> 46 | T46: =IF(Compte=T$1,ROW(),"") | ... BA46: =IF(Compte=BA$1,ROW(),"")
A47: 43733 | C47: Humanis 08 - 2019 | D47: 467120 | E47: b CIN | F47: Prélèvement | G47: 1909 | I47: =D47&"_"&COUNTIF($D$1:D47,D47) -> 467120_3 | K47: =IF(SAISIE!$E47="b CIN",ROW(),"") -> 47 | L47: =IF(SAISIE!$E47="l CIN",ROW(),"") | M47: =IF(Compte=M$1,ROW(),"") | N47: =IF(Compte=N$1,ROW(),"") | O47: =IF(Compte=O$1,ROW(),"") | P47: =IF(Compte=P$1,ROW(),"") | Q47: =IF(Compte=Q$1,ROW(),"") | R47: =IF(Compte=R$1,ROW(),"") | S47: =IF(Compte=S$1,ROW(),"") | T47: =IF(Compte=T$1,ROW(),"") | ... BA47: =IF(Compte=BA$1,ROW(),"")
A48: 43733 | B48: Comité directeur | C48: Humanis 08 - 2019 | D48: 437300 | E48: b CIN | F48: Prélèvement | G48: 1909 | I48: =D48&"_"&COUNTIF($D$1:D48,D48) -> 437300_1 | K48: =IF(SAISIE!$E48="b CIN",ROW(),"") -> 48 | L48: =IF(SAISIE!$E48="l CIN",ROW(),"") | M48: =IF(Compte=M$1,ROW(),"") | N48: =IF(Compte=N$1,ROW(),"") | O48: =IF(Compte=O$1,ROW(),"") -> 48 | P48: =IF(Compte=P$1,ROW(),"") | Q48: =IF(Compte=Q$1,ROW(),"") | R48: =IF(Compte=R$1,ROW(),"") | S48: =IF(Compte=S$1,ROW(),"") | T48: =IF(Compte=T$1,ROW(),"") | ... BA48: =IF(Compte=BA$1,ROW(),"")
A49: 43733 | B49: Hand-Ball | C49: Subv 2018-2019 | D49: 467010 | E49: b CIN | F49: Virement | G49: 1909 | I49: =D49&"_"&COUNTIF($D$1:D49,D49) -> 467010_8 | K49: =IF(SAISIE!$E49="b CIN",ROW(),"") -> 49 | L49: =IF(SAISIE!$E49="l CIN",ROW(),"") | M49: =IF(Compte=M$1,ROW(),"") | N49: =IF(Compte=N$1,ROW(),"") | O49: =IF(Compte=O$1,ROW(),"") | P49: =IF(Compte=P$1,ROW(),"") | Q49: =IF(Compte=Q$1,ROW(),"") | R49: =IF(Compte=R$1,ROW(),"") | S49: =IF(Compte=S$1,ROW(),"") | T49: =IF(Compte=T$1,ROW(),"") -> 49 | ... BA49: =IF(Compte=BA$1,ROW(),"")
A50: 43735 | B50: Basket | C50: REMB TAP FACT 00004 (21/01 au 05/07) | D50: 467190 | E50: b CIN | F50: Virement | G50: 1909 | I50: =D50&"_"&COUNTIF($D$1:D50,D50) -> 467190_3 | K50: =IF(SAISIE!$E50="b CIN",ROW(),"") -> 50 | L50: =IF(SAISIE!$E50="l CIN",ROW(),"") | M50: =IF(Compte=M$1,ROW(),"") | N50: =IF(Compte=N$1,ROW(),"") | O50: =IF(Compte=O$1,ROW(),"") | P50: =IF(Compte=P$1,ROW(),"") | Q50: =IF(Compte=Q$1,ROW(),"") | R50: =IF(Compte=R$1,ROW(),"") | S50: =IF(Compte=S$1,ROW(),"") | T50: =IF(Compte=T$1,ROW(),"") | ... BA50: =IF(Compte=BA$1,ROW(),"")
A51: 43735 | B51: Tennis | C51: REMB TAP FACT 00006 (21/01 au 05/07) | D51: 467190 | E51: b CIN | F51: Virement | G51: 1909 | I51: =D51&"_"&COUNTIF($D$1:D51,D51) -> 467190_4 | K51: =IF(SAISIE!$E51="b CIN",ROW(),"") -> 51 | L51: =IF(SAISIE!$E51="l CIN",ROW(),"") | M51: =IF(Compte=M$1,ROW(),"") | N51: =IF(Compte=N$1,ROW(),"") | O51: =IF(Compte=O$1,ROW(),"") | P51: =IF(Compte=P$1,ROW(),"") | Q51: =IF(Compte=Q$1,ROW(),"") | R51: =IF(Compte=R$1,ROW(),"") | S51: =IF(Compte=S$1,ROW(),"") | T51: =IF(Compte=T$1,ROW(),"") | ... BA51: =IF(Compte=BA$1,ROW(),"")
A52: 43736 | B52: Comité directeur | C52: Salaire Hatteville Jordan Septembre | D52: 421000 | E52: b CIN | F52: Virement | G52: 1909 | I52: =D52&"_"&COUNTIF($D$1:D52,D52) -> 421000_1 | K52: =IF(SAISIE!$E52="b CIN",ROW(),"") -> 52 | L52: =IF(SAISIE!$E52="l CIN",ROW(),"") | M52: =IF(Compte=M$1,ROW(),"") -> 52 | N52: =IF(Compte=N$1,ROW(),"") | O52: =IF(Compte=O$1,ROW(),"") | P52: =IF(Compte=P$1,ROW(),"") | Q52: =IF(Compte=Q$1,ROW(),"") | R52: =IF(Compte=R$1,ROW(),"") | S52: =IF(Compte=S$1,ROW(),"") | T52: =IF(Compte=T$1,ROW(),"") | ... BA52: =IF(Compte=BA$1,ROW(),"")
A53: 43736 | B53: Basket | C53: Participation Emilie | D53: 648000 | E53: b CIN | F53: Virement | G53: 1909 | I53: =D53&"_"&COUNTIF($D$1:D53,D53) -> 648000_1 | K53: =IF(SAISIE!$E53="b CIN",ROW(),"") -> 53 | L53: =IF(SAISIE!$E53="l CIN",ROW(),"") | M53: =IF(Compte=M$1,ROW(),"") | N53: =IF(Compte=N$1,ROW(),"") | O53: =IF(Compte=O$1,ROW(),"") | P53: =IF(Compte=P$1,ROW(),"") | Q53: =IF(Compte=Q$1,ROW(),"") | R53: =IF(Compte=R$1,ROW(),"") | S53: =IF(Compte=S$1,ROW(),"") | T53: =IF(Compte=T$1,ROW(),"") | ... BA53: =IF(Compte=BA$1,ROW(),"")
A54: 43738 | B54: Hand-Ball | C54: Participation heures Jordan | D54: 791240 | E54: b CIN | F54: Virement | G54: 1909 | I54: =D54&"_"&COUNTIF($D$1:D54,D54) -> 791240_2 | K54: =IF(SAISIE!$E54="b CIN",ROW(),"") -> 54 | L54: =IF(SAISIE!$E54="l CIN",ROW(),"") | M54: =IF(Compte=M$1,ROW(),"") | N54: =IF(Compte=N$1,ROW(),"") | O54: =IF(Compte=O$1,ROW(),"") | P54: =IF(Compte=P$1,ROW(),"") | Q54: =IF(Compte=Q$1,ROW(),"") | R54: =IF(Compte=R$1,ROW(),"") | S54: =IF(Compte=S$1,ROW(),"") | T54: =IF(Compte=T$1,ROW(),"") | ... BA54: =IF(Compte=BA$1,ROW(),"") -> 54
A55: 43738 | B55: Comité directeur | C55: Salaire Hatteville Jordan septembre | D55: 641100 | I55: =D55&"_"&COUNTIF($D$1:D55,D55) -> 641100_1 | K55: =IF(SAISIE!$E55="b CIN",ROW(),"") | L55: =IF(SAISIE!$E55="l CIN",ROW(),"") | M55: =IF(Compte=M$1,ROW(),"") | N55: =IF(Compte=N$1,ROW(),"") | O55: =IF(Compte=O$1,ROW(),"") | P55: =IF(Compte=P$1,ROW(),"") | Q55: =IF(Compte=Q$1,ROW(),"") | R55: =IF(Compte=R$1,ROW(),"") | S55: =IF(Compte=S$1,ROW(),"") | T55: =IF(Compte=T$1,ROW(),"") | ... BA55: =IF(Compte=BA$1,ROW(),"")
A56: 43738 | B56: Comité directeur | C56: Urssaf (charges patronales) Hatteville Jordan septembre | D56: 645100 | I56: =D56&"_"&COUNTIF($D$1:D56,D56) -> 645100_2 | K56: =IF(SAISIE!$E56="b CIN",ROW(),"") | L56: =IF(SAISIE!$E56="l CIN",ROW(),"") | M56: =IF(Compte=M$1,ROW(),"") | N56: =IF(Compte=N$1,ROW(),"") | O56: =IF(Compte=O$1,ROW(),"") | P56: =IF(Compte=P$1,ROW(),"") | Q56: =IF(Compte=Q$1,ROW(),"") | R56: =IF(Compte=R$1,ROW(),"") | S56: =IF(Compte=S$1,ROW(),"") | T56: =IF(Compte=T$1,ROW(),"") | ... BA56: =IF(Compte=BA$1,ROW(),"")
A57: 43738 | B57: Comité directeur | C57: Humanis (charges patronales) Hatteville Jordan septembre | D57: 645300 | I57: =D57&"_"&COUNTIF($D$1:D57,D57) -> 645300_1 | K57: =IF(SAISIE!$E57="b CIN",ROW(),"") | L57: =IF(SAISIE!$E57="l CIN",ROW(),"") | M57: =IF(Compte=M$1,ROW(),"") | N57: =IF(Compte=N$1,ROW(),"") | O57: =IF(Compte=O$1,ROW(),"") | P57: =IF(Compte=P$1,ROW(),"") | Q57: =IF(Compte=Q$1,ROW(),"") | R57: =IF(Compte=R$1,ROW(),"") | S57: =IF(Compte=S$1,ROW(),"") | T57: =IF(Compte=T$1,ROW(),"") | ... BA57: =IF(Compte=BA$1,ROW(),"")
A58: 43738 | B58: Comité directeur | C58: Pôle emploi (charges patronales) Hatteville Jordan septembre | D58: 645400 | I58: =D58&"_"&COUNTIF($D$1:D58,D58) -> 645400_1 | K58: =IF(SAISIE!$E58="b CIN",ROW(),"") | L58: =IF(SAISIE!$E58="l CIN",ROW(),"") | M58: =IF(Compte=M$1,ROW(),"") | N58: =IF(Compte=N$1,ROW(),"") | O58: =IF(Compte=O$1,ROW(),"") | P58: =IF(Compte=P$1,ROW(),"") | Q58: =IF(Compte=Q$1,ROW(),"") | R58: =IF(Compte=R$1,ROW(),"") | S58: =IF(Compte=S$1,ROW(),"") | T58: =IF(Compte=T$1,ROW(),"") | ... BA58: =IF(Compte=BA$1,ROW(),"")
A59: 43738 | B59: Comité directeur | C59: Chorum (charges patronales) Hatteville Jordan septembre | D59: 645350 | I59: =D59&"_"&COUNTIF($D$1:D59,D59) -> 645350_1 | K59: =IF(SAISIE!$E59="b CIN",ROW(),"") | L59: =IF(SAISIE!$E59="l CIN",ROW(),"") | M59: =IF(Compte=M$1,ROW(),"") | N59: =IF(Compte=N$1,ROW(),"") | O59: =IF(Compte=O$1,ROW(),"") | P59: =IF(Compte=P$1,ROW(),"") | Q59: =IF(Compte=Q$1,ROW(),"") | R59: =IF(Compte=R$1,ROW(),"") | S59: =IF(Compte=S$1,ROW(),"") | T59: =IF(Compte=T$1,ROW(),"") | ... BA59: =IF(Compte=BA$1,ROW(),"")
A60: 43738 | B60: Comité directeur | C60: ADRÉA (charges patronales) Hatteville Jordan septembre | D60: 645800 | I60: =D60&"_"&COUNTIF($D$1:D60,D60) -> 645800_2 | K60: =IF(SAISIE!$E60="b CIN",ROW(),"") | L60: =IF(SAISIE!$E60="l CIN",ROW(),"") | M60: =IF(Compte=M$1,ROW(),"") | N60: =IF(Compte=N$1,ROW(),"") | O60: =IF(Compte=O$1,ROW(),"") | P60: =IF(Compte=P$1,ROW(),"") | Q60: =IF(Compte=Q$1,ROW(),"") | R60: =IF(Compte=R$1,ROW(),"") | S60: =IF(Compte=S$1,ROW(),"") | T60: =IF(Compte=T$1,ROW(),"") | ... BA60: =IF(Compte=BA$1,ROW(),"")
A61: 43738 | B61: Comité directeur | C61: Salaire Hatteville Jordan septembre | D61: 421000 | I61: =D61&"_"&COUNTIF($D$1:D61,D61) -> 421000_2 | K61: =IF(SAISIE!$E61="b CIN",ROW(),"") | L61: =IF(SAISIE!$E61="l CIN",ROW(),"") | M61: =IF(Compte=M$1,ROW(),"") -> 61 | N61: =IF(Compte=N$1,ROW(),"") | O61: =IF(Compte=O$1,ROW(),"") | P61: =IF(Compte=P$1,ROW(),"") | Q61: =IF(Compte=Q$1,ROW(),"") | R61: =IF(Compte=R$1,ROW(),"") | S61: =IF(Compte=S$1,ROW(),"") | T61: =IF(Compte=T$1,ROW(),"") | ... BA61: =IF(Compte=BA$1,ROW(),"")
A62: 43738 | B62: Comité directeur | C62: Urssaf Hatteville Jordan septembre | D62: 431100 | I62: =D62&"_"&COUNTIF($D$1:D62,D62) -> 431100_2 | K62: =IF(SAISIE!$E62="b CIN",ROW(),"") | L62: =IF(SAISIE!$E62="l CIN",ROW(),"") | M62: =IF(Compte=M$1,ROW(),"") | N62: =IF(Compte=N$1,ROW(),"") -> 62 | O62: =IF(Compte=O$1,ROW(),"") | P62: =IF(Compte=P$1,ROW(),"") | Q62: =IF(Compte=Q$1,ROW(),"") | R62: =IF(Compte=R$1,ROW(),"") | S62: =IF(Compte=S$1,ROW(),"") | T62: =IF(Compte=T$1,ROW(),"") | ... BA62: =IF(Compte=BA$1,ROW(),"")
A63: 43738 | B63: Comité directeur | C63: Humanis Hatteville Jordan septembre | D63: 437300 | I63: =D63&"_"&COUNTIF($D$1:D63,D63) -> 437300_2 | K63: =IF(SAISIE!$E63="b CIN",ROW(),"") | L63: =IF(SAISIE!$E63="l CIN",ROW(),"") | M63: =IF(Compte=M$1,ROW(),"") | N63: =IF(Compte=N$1,ROW(),"") | O63: =IF(Compte=O$1,ROW(),"") -> 63 | P63: =IF(Compte=P$1,ROW(),"") | Q63: =IF(Compte=Q$1,ROW(),"") | R63: =IF(Compte=R$1,ROW(),"") | S63: =IF(Compte=S$1,ROW(),"") | T63: =IF(Compte=T$1,ROW(),"") | ... BA63: =IF(Compte=BA$1,ROW(),"")
A64: 43738 | B64: Comité directeur | C64: Pôle emploi Hatteville Jordan septembre | D64: 437400 | I64: =D64&"_"&COUNTIF($D$1:D64,D64) -> 437400_2 | K64: =IF(SAISIE!$E64="b CIN",ROW(),"") | L64: =IF(SAISIE!$E64="l CIN",ROW(),"") | M64: =IF(Compte=M$1,ROW(),"") | N64: =IF(Compte=N$1,ROW(),"") | O64: =IF(Compte=O$1,ROW(),"") | P64: =IF(Compte=P$1,ROW(),"") | Q64: =IF(Compte=Q$1,ROW(),"") -> 64 | R64: =IF(Compte=R$1,ROW(),"") | S64: =IF(Compte=S$1,ROW(),"") | T64: =IF(Compte=T$1,ROW(),"") | ... BA64: =IF(Compte=BA$1,ROW(),"")
A65: 43738 | B65: Comité directeur | C65: Chorum Hatteville Jordan septembre | D65: 437350 | I65: =D65&"_"&COUNTIF($D$1:D65,D65) -> 437350_1 | K65: =IF(SAISIE!$E65="b CIN",ROW(),"") | L65: =IF(SAISIE!$E65="l CIN",ROW(),"") | M65: =IF(Compte=M$1,ROW(),"") | N65: =IF(Compte=N$1,ROW(),"") | O65: =IF(Compte=O$1,ROW(),"") | P65: =IF(Compte=P$1,ROW(),"") -> 65 | Q65: =IF(Compte=Q$1,ROW(),"") | R65: =IF(Compte=R$1,ROW(),"") | S65: =IF(Compte=S$1,ROW(),"") | T65: =IF(Compte=T$1,ROW(),"") | ... BA65: =IF(Compte=BA$1,ROW(),"")
A66: 43738 | B66: Comité directeur | C66: ADRÉA Hatteville Jordan septembre | D66: 437800 | I66: =D66&"_"&COUNTIF($D$1:D66,D66) -> 437800_2 | K66: =IF(SAISIE!$E66="b CIN",ROW(),"") | L66: =IF(SAISIE!$E66="l CIN",ROW(),"") | M66: =IF(Compte=M$1,ROW(),"") | N66: =IF(Compte=N$1,ROW(),"") | O66: =IF(Compte=O$1,ROW(),"") | P66: =IF(Compte=P$1,ROW(),"") | Q66: =IF(Compte=Q$1,ROW(),"") | R66: =IF(Compte=R$1,ROW(),"") -> 66 | S66: =IF(Compte=S$1,ROW(),"") | T66: =IF(Compte=T$1,ROW(),"") | ... BA66: =IF(Compte=BA$1,ROW(),"")
A67: 43741 | B67: Natation | C67: Subv 2018-2019 | D67: 467010 | E67: b CIN | F67: Virement | G67: 1910 | I67: =D67&"_"&COUNTIF($D$1:D67,D67) -> 467010_9 | K67: =IF(SAISIE!$E67="b CIN",ROW(),"") -> 67 | L67: =IF(SAISIE!$E67="l CIN",ROW(),"") | M67: =IF(Compte=M$1,ROW(),"") | N67: =IF(Compte=N$1,ROW(),"") | O67: =IF(Compte=O$1,ROW(),"") | P67: =IF(Compte=P$1,ROW(),"") | Q67: =IF(Compte=Q$1,ROW(),"") | R67: =IF(Compte=R$1,ROW(),"") | S67: =IF(Compte=S$1,ROW(),"") | T67: =IF(Compte=T$1,ROW(),"") -> 67 | ... BA67: =IF(Compte=BA$1,ROW(),"")
A68: 43742 | B68: Comité directeur | C68: Free telecom | D68: 626500 | E68: b CIN | F68: Prélèvement | G68: 1910 | I68: =D68&"_"&COUNTIF($D$1:D68,D68) -> 626500_2 | K68: =IF(SAISIE!$E68="b CIN",ROW(),"") -> 68 | L68: =IF(SAISIE!$E68="l CIN",ROW(),"") | M68: =IF(Compte=M$1,ROW(),"") | N68: =IF(Compte=N$1,ROW(),"") | O68: =IF(Compte=O$1,ROW(),"") | P68: =IF(Compte=P$1,ROW(),"") | Q68: =IF(Compte=Q$1,ROW(),"") | R68: =IF(Compte=R$1,ROW(),"") | S68: =IF(Compte=S$1,ROW(),"") | T68: =IF(Compte=T$1,ROW(),"") | ... BA68: =IF(Compte=BA$1,ROW(),"")
A69: 43742 | B69: Natation | C69: Aide except salaire BELLINA | D69: 421000 | E69: b CIN | F69: Virement | G69: 1910 | I69: =D69&"_"&COUNTIF($D$1:D69,D69) -> 421000_3 | K69: =IF(SAISIE!$E69="b CIN",ROW(),"") -> 69 | L69: =IF(SAISIE!$E69="l CIN",ROW(),"") | M69: =IF(Compte=M$1,ROW(),"") -> 69 | N69: =IF(Compte=N$1,ROW(),"") | O69: =IF(Compte=O$1,ROW(),"") | P69: =IF(Compte=P$1,ROW(),"") | Q69: =IF(Compte=Q$1,ROW(),"") | R69: =IF(Compte=R$1,ROW(),"") | S69: =IF(Compte=S$1,ROW(),"") | T69: =IF(Compte=T$1,ROW(),"") | ... BA69: =IF(Compte=BA$1,ROW(),"")
A70: 43746 | B70: Natation | C70: Remise chèque rembt uniformation 2018 | D70: 467130 | E70: b CIN | F70: Chèque | G70: 1910 | I70: =D70&"_"&COUNTIF($D$1:D70,D70) -> 467130_1 | K70: =IF(SAISIE!$E70="b CIN",ROW(),"") -> 70 | L70: =IF(SAISIE!$E70="l CIN",ROW(),"") | M70: =IF(Compte=M$1,ROW(),"") | N70: =IF(Compte=N$1,ROW(),"") | O70: =IF(Compte=O$1,ROW(),"") | P70: =IF(Compte=P$1,ROW(),"") | Q70: =IF(Compte=Q$1,ROW(),"") | R70: =IF(Compte=R$1,ROW(),"") | S70: =IF(Compte=S$1,ROW(),"") | T70: =IF(Compte=T$1,ROW(),"") | ... BA70: =IF(Compte=BA$1,ROW(),"")
A71: 43746 | C71: Remise chèque UNIFORMATION FRANCOIS | D71: 791181 | E71: b CIN | F71: Chèque | G71: 1910 | I71: =D71&"_"&COUNTIF($D$1:D71,D71) -> 791181_1 | K71: =IF(SAISIE!$E71="b CIN",ROW(),"") -> 71 | L71: =IF(SAISIE!$E71="l CIN",ROW(),"") | M71: =IF(Compte=M$1,ROW(),"") | N71: =IF(Compte=N$1,ROW(),"") | O71: =IF(Compte=O$1,ROW(),"") | P71: =IF(Compte=P$1,ROW(),"") | Q71: =IF(Compte=Q$1,ROW(),"") | R71: =IF(Compte=R$1,ROW(),"") | S71: =IF(Compte=S$1,ROW(),"") | T71: =IF(Compte=T$1,ROW(),"") | ... BA71: =IF(Compte=BA$1,ROW(),"")
A72: 43746 | B72: Comité directeur | C72: Leclerc pot réunion | D72: 625700 | E72: b CIN | F72: CB | G72: 1910 | I72: =D72&"_"&COUNTIF($D$1:D72,D72) -> 625700_1 | K72: =IF(SAISIE!$E72="b CIN",ROW(),"") -> 72 | L72: =IF(SAISIE!$E72="l CIN",ROW(),"") | M72: =IF(Compte=M$1,ROW(),"") | N72: =IF(Compte=N$1,ROW(),"") | O72: =IF(Compte=O$1,ROW(),"") | P72: =IF(Compte=P$1,ROW(),"") | Q72: =IF(Compte=Q$1,ROW(),"") | R72: =IF(Compte=R$1,ROW(),"") | S72: =IF(Compte=S$1,ROW(),"") | T72: =IF(Compte=T$1,ROW(),"") | ... BA72: =IF(Compte=BA$1,ROW(),"")
A73: 43748 | C73: Ville de Vire : solde subv. 2019 | D73: 467010 | E73: b CIN | F73: Virement | G73: 1910 | I73: =D73&"_"&COUNTIF($D$1:D73,D73) -> 467010_10 | K73: =IF(SAISIE!$E73="b CIN",ROW(),"") -> 73 | L73: =IF(SAISIE!$E73="l CIN",ROW(),"") | M73: =IF(Compte=M$1,ROW(),"") | N73: =IF(Compte=N$1,ROW(),"") | O73: =IF(Compte=O$1,ROW(),"") | P73: =IF(Compte=P$1,ROW(),"") | Q73: =IF(Compte=Q$1,ROW(),"") | R73: =IF(Compte=R$1,ROW(),"") | S73: =IF(Compte=S$1,ROW(),"") | T73: =IF(Compte=T$1,ROW(),"") -> 73 | ... BA73: =IF(Compte=BA$1,ROW(),"")
A74: 43748 | B74: Natation | C74: Viile de Vire : solde subv. Equalia | D74: 467220 | E74: b CIN | F74: Virement | G74: 1910 | I74: =D74&"_"&COUNTIF($D$1:D74,D74) -> 467220_1 | K74: =IF(SAISIE!$E74="b CIN",ROW(),"") -> 74 | L74: =IF(SAISIE!$E74="l CIN",ROW(),"") | M74: =IF(Compte=M$1,ROW(),"") | N74: =IF(Compte=N$1,ROW(),"") | O74: =IF(Compte=O$1,ROW(),"") | P74: =IF(Compte=P$1,ROW(),"") | Q74: =IF(Compte=Q$1,ROW(),"") | R74: =IF(Compte=R$1,ROW(),"") | S74: =IF(Compte=S$1,ROW(),"") | T74: =IF(Compte=T$1,ROW(),"") | ... BA74: =IF(Compte=BA$1,ROW(),"")
A75: 43748 | C75: Conseil Départemental aide sections | D75: 467020 | E75: b CIN | F75: Virement | G75: 1910 | I75: =D75&"_"&COUNTIF($D$1:D75,D75) -> 467020_1 | K75: =IF(SAISIE!$E75="b CIN",ROW(),"") -> 75 | L75: =IF(SAISIE!$E75="l CIN",ROW(),"") | M75: =IF(Compte=M$1,ROW(),"") | N75: =IF(Compte=N$1,ROW(),"") | O75: =IF(Compte=O$1,ROW(),"") | P75: =IF(Compte=P$1,ROW(),"") | Q75: =IF(Compte=Q$1,ROW(),"") | R75: =IF(Compte=R$1,ROW(),"") | S75: =IF(Compte=S$1,ROW(),"") | T75: =IF(Compte=T$1,ROW(),"") | ... BA75: =IF(Compte=BA$1,ROW(),"")
A76: 43748 | B76: Comité directeur | C76: CIC Filbanque et frais virements | D76: 627800 | E76: b CIN | F76: Prélèvement | G76: 1910 | I76: =D76&"_"&COUNTIF($D$1:D76,D76) -> 627800_2 | K76: =IF(SAISIE!$E76="b CIN",ROW(),"") -> 76 | L76: =IF(SAISIE!$E76="l CIN",ROW(),"") | M76: =IF(Compte=M$1,ROW(),"") | N76: =IF(Compte=N$1,ROW(),"") | O76: =IF(Compte=O$1,ROW(),"") | P76: =IF(Compte=P$1,ROW(),"") | Q76: =IF(Compte=Q$1,ROW(),"") | R76: =IF(Compte=R$1,ROW(),"") | S76: =IF(Compte=S$1,ROW(),"") | T76: =IF(Compte=T$1,ROW(),"") | ... BA76: =IF(Compte=BA$1,ROW(),"")
A77: 43748 | B77: Comité directeur | C77: Clés minibus | D77: 615500 | E77: b CIN | F77: CB | G77: 1910 | I77: =D77&"_"&COUNTIF($D$1:D77,D77) -> 615500_1 | K77: =IF(SAISIE!$E77="b CIN",ROW(),"") -> 77 | L77: =IF(SAISIE!$E77="l CIN",ROW(),"") | M77: =IF(Compte=M$1,ROW(),"") | N77: =IF(Compte=N$1,ROW(),"") | O77: =IF(Compte=O$1,ROW(),"") | P77: =IF(Compte=P$1,ROW(),"") | Q77: =IF(Compte=Q$1,ROW(),"") | R77: =IF(Compte=R$1,ROW(),"") | S77: =IF(Compte=S$1,ROW(),"") | T77: =IF(Compte=T$1,ROW(),"") | ... BA77: =IF(Compte=BA$1,ROW(),"")
A78: 43752 | C78: ADREA Mutuelle | D78: 467180 | E78: b CIN | F78: Prélèvement | G78: 1910 | I78: =D78&"_"&COUNTIF($D$1:D78,D78) -> 467180_2 | K78: =IF(SAISIE!$E78="b CIN",ROW(),"") -> 78 | L78: =IF(SAISIE!$E78="l CIN",ROW(),"") | M78: =IF(Compte=M$1,ROW(),"") | N78: =IF(Compte=N$1,ROW(),"") | O78: =IF(Compte=O$1,ROW(),"") | P78: =IF(Compte=P$1,ROW(),"") | Q78: =IF(Compte=Q$1,ROW(),"") | R78: =IF(Compte=R$1,ROW(),"") | S78: =IF(Compte=S$1,ROW(),"") | T78: =IF(Compte=T$1,ROW(),"") | ... BA78: =IF(Compte=BA$1,ROW(),"")
A79: 43752 | B79: Comité directeur | C79: ADREA Mutuelle | D79: 437800 | E79: b CIN | F79: Prélèvement | G79: 1910 | I79: =D79&"_"&COUNTIF($D$1:D79,D79) -> 437800_3 | K79: =IF(SAISIE!$E79="b CIN",ROW(),"") -> 79 | L79: =IF(SAISIE!$E79="l CIN",ROW(),"") | M79: =IF(Compte=M$1,ROW(),"") | N79: =IF(Compte=N$1,ROW(),"") | O79: =IF(Compte=O$1,ROW(),"") | P79: =IF(Compte=P$1,ROW(),"") | Q79: =IF(Compte=Q$1,ROW(),"") | R79: =IF(Compte=R$1,ROW(),"") -> 79 | S79: =IF(Compte=S$1,ROW(),"") | T79: =IF(Compte=T$1,ROW(),"") | ... BA79: =IF(Compte=BA$1,ROW(),"")
A80: 43752 | B80: Comité directeur | C80: Arrondi ADREA Mutuelle | D80: 645800 | E80: b CIN | F80: Prélèvement | G80: 1910 | I80: =D80&"_"&COUNTIF($D$1:D80,D80) -> 645800_3 | K80: =IF(SAISIE!$E80="b CIN",ROW(),"") -> 80 | L80: =IF(SAISIE!$E80="l CIN",ROW(),"") | M80: =IF(Compte=M$1,ROW(),"") | N80: =IF(Compte=N$1,ROW(),"") | O80: =IF(Compte=O$1,ROW(),"") | P80: =IF(Compte=P$1,ROW(),"") | Q80: =IF(Compte=Q$1,ROW(),"") | R80: =IF(Compte=R$1,ROW(),"") | S80: =IF(Compte=S$1,ROW(),"") | T80: =IF(Compte=T$1,ROW(),"") | ... BA80: =IF(Compte=BA$1,ROW(),"")
A81: 43752 | B81: Basket-ball | C81: Rbt URSSAF 3è trim | D81: 467100 | E81: b CIN | F81: Virement | G81: 1910 | I81: =D81&"_"&COUNTIF($D$1:D81,D81) -> 467100_4 | K81: =IF(SAISIE!$E81="b CIN",ROW(),"") -> 81 | L81: =IF(SAISIE!$E81="l CIN",ROW(),"") | M81: =IF(Compte=M$1,ROW(),"") | N81: =IF(Compte=N$1,ROW(),"") | O81: =IF(Compte=O$1,ROW(),"") | P81: =IF(Compte=P$1,ROW(),"") | Q81: =IF(Compte=Q$1,ROW(),"") | R81: =IF(Compte=R$1,ROW(),"") | S81: =IF(Compte=S$1,ROW(),"") | T81: =IF(Compte=T$1,ROW(),"") | ... BA81: =IF(Compte=BA$1,ROW(),"")
A82: 43752 | B82: Basket-ball | C82: Rbt Pole Emploi 3è trim | D82: 467110 | E82: b CIN | F82: Virement | G82: 1910 | I82: =D82&"_"&COUNTIF($D$1:D82,D82) -> 467110_4 | K82: =IF(SAISIE!$E82="b CIN",ROW(),"") -> 82 | L82: =IF(SAISIE!$E82="l CIN",ROW(),"") | M82: =IF(Compte=M$1,ROW(),"") | N82: =IF(Compte=N$1,ROW(),"") | O82: =IF(Compte=O$1,ROW(),"") | P82: =IF(Compte=P$1,ROW(),"") | Q82: =IF(Compte=Q$1,ROW(),"") | R82: =IF(Compte=R$1,ROW(),"") | S82: =IF(Compte=S$1,ROW(),"") | T82: =IF(Compte=T$1,ROW(),"") | ... BA82: =IF(Compte=BA$1,ROW(),"")
A83: 43752 | B83: Basket-ball | C83: Rbt Humanis 3è trim | D83: 467120 | E83: b CIN | F83: Virement | G83: 1910 | I83: =D83&"_"&COUNTIF($D$1:D83,D83) -> 467120_4 | K83: =IF(SAISIE!$E83="b CIN",ROW(),"") -> 83 | L83: =IF(SAISIE!$E83="l CIN",ROW(),"") | M83: =IF(Compte=M$1,ROW(),"") | N83: =IF(Compte=N$1,ROW(),"") | O83: =IF(Compte=O$1,ROW(),"") | P83: =IF(Compte=P$1,ROW(),"") | Q83: =IF(Compte=Q$1,ROW(),"") | R83: =IF(Compte=R$1,ROW(),"") | S83: =IF(Compte=S$1,ROW(),"") | T83: =IF(Compte=T$1,ROW(),"") | ... BA83: =IF(Compte=BA$1,ROW(),"")
A84: 43752 | B84: Basket-ball | C84: Rbt Adrea 3è trim | D84: 467180 | E84: b CIN | F84: Virement | G84: 1910 | I84: =D84&"_"&COUNTIF($D$1:D84,D84) -> 467180_3 | K84: =IF(SAISIE!$E84="b CIN",ROW(),"") -> 84 | L84: =IF(SAISIE!$E84="l CIN",ROW(),"") | M84: =IF(Compte=M$1,ROW(),"") | N84: =IF(Compte=N$1,ROW(),"") | O84: =IF(Compte=O$1,ROW(),"") | P84: =IF(Compte=P$1,ROW(),"") | Q84: =IF(Compte=Q$1,ROW(),"") | R84: =IF(Compte=R$1,ROW(),"") | S84: =IF(Compte=S$1,ROW(),"") | T84: =IF(Compte=T$1,ROW(),"") | ... BA84: =IF(Compte=BA$1,ROW(),"")
A85: 43752 | B85: Basket-ball | C85: Rbt Chorum 3è trim | D85: 467140 | E85: b CIN | F85: Virement | G85: 1910 | I85: =D85&"_"&COUNTIF($D$1:D85,D85) -> 467140_3 | K85: =IF(SAISIE!$E85="b CIN",ROW(),"") -> 85 | L85: =IF(SAISIE!$E85="l CIN",ROW(),"") | M85: =IF(Compte=M$1,ROW(),"") | N85: =IF(Compte=N$1,ROW(),"") | O85: =IF(Compte=O$1,ROW(),"") | P85: =IF(Compte=P$1,ROW(),"") | Q85: =IF(Compte=Q$1,ROW(),"") | R85: =IF(Compte=R$1,ROW(),"") | S85: =IF(Compte=S$1,ROW(),"") | T85: =IF(Compte=T$1,ROW(),"") | ... BA85: =IF(Compte=BA$1,ROW(),"")
A86: 43753 | B86: Tennis | C86: Rbt URSSAF 3è trim | D86: 467100 | E86: b CIN | F86: Virement | G86: 1910 | I86: =D86&"_"&COUNTIF($D$1:D86,D86) -> 467100_5 | K86: =IF(SAISIE!$E86="b CIN",ROW(),"") -> 86 | L86: =IF(SAISIE!$E86="l CIN",ROW(),"") | M86: =IF(Compte=M$1,ROW(),"") | N86: =IF(Compte=N$1,ROW(),"") | O86: =IF(Compte=O$1,ROW(),"") | P86: =IF(Compte=P$1,ROW(),"") | Q86: =IF(Compte=Q$1,ROW(),"") | R86: =IF(Compte=R$1,ROW(),"") | S86: =IF(Compte=S$1,ROW(),"") | T86: =IF(Compte=T$1,ROW(),"") | ... BA86: =IF(Compte=BA$1,ROW(),"")
A87: 43753 | B87: Tennis | C87: Rbt Pole Emploi 3è trim | D87: 467110 | E87: b CIN | F87: Virement | G87: 1910 | I87: =D87&"_"&COUNTIF($D$1:D87,D87) -> 467110_5 | K87: =IF(SAISIE!$E87="b CIN",ROW(),"") -> 87 | L87: =IF(SAISIE!$E87="l CIN",ROW(),"") | M87: =IF(Compte=M$1,ROW(),"") | N87: =IF(Compte=N$1,ROW(),"") | O87: =IF(Compte=O$1,ROW(),"") | P87: =IF(Compte=P$1,ROW(),"") | Q87: =IF(Compte=Q$1,ROW(),"") | R87: =IF(Compte=R$1,ROW(),"") | S87: =IF(Compte=S$1,ROW(),"") | T87: =IF(Compte=T$1,ROW(),"") | ... BA87: =IF(Compte=BA$1,ROW(),"")
A88: 43753 | B88: Tennis | C88: Rbt Humanis 3è trim | D88: 467120 | E88: b CIN | F88: Virement | G88: 1910 | I88: =D88&"_"&COUNTIF($D$1:D88,D88) -> 467120_5 | K88: =IF(SAISIE!$E88="b CIN",ROW(),"") -> 88 | L88: =IF(SAISIE!$E88="l CIN",ROW(),"") | M88: =IF(Compte=M$1,ROW(),"") | N88: =IF(Compte=N$1,ROW(),"") | O88: =IF(Compte=O$1,ROW(),"") | P88: =IF(Compte=P$1,ROW(),"") | Q88: =IF(Compte=Q$1,ROW(),"") | R88: =IF(Compte=R$1,ROW(),"") | S88: =IF(Compte=S$1,ROW(),"") | T88: =IF(Compte=T$1,ROW(),"") | ... BA88: =IF(Compte=BA$1,ROW(),"")
A89: 43753 | B89: Tennis | C89: Rbt Adrea 3è trim | D89: 467180 | E89: b CIN | F89: Virement | G89: 1910 | I89: =D89&"_"&COUNTIF($D$1:D89,D89) -> 467180_4 | K89: =IF(SAISIE!$E89="b CIN",ROW(),"") -> 89 | L89: =IF(SAISIE!$E89="l CIN",ROW(),"") | M89: =IF(Compte=M$1,ROW(),"") | N89: =IF(Compte=N$1,ROW(),"") | O89: =IF(Compte=O$1,ROW(),"") | P89: =IF(Compte=P$1,ROW(),"") | Q89: =IF(Compte=Q$1,ROW(),"") | R89: =IF(Compte=R$1,ROW(),"") | S89: =IF(Compte=S$1,ROW(),"") | T89: =IF(Compte=T$1,ROW(),"") | ... BA89: =IF(Compte=BA$1,ROW(),"")
A90: 43753 | B90: Tennis | C90: Rbt Prel à la source | D90: 442100 | E90: b CIN | F90: Virement | G90: 1910 | I90: =D90&"_"&COUNTIF($D$1:D90,D90) -> 442100_2 | K90: =IF(SAISIE!$E90="b CIN",ROW(),"") -> 90 | L90: =IF(SAISIE!$E90="l CIN",ROW(),"") | M90: =IF(Compte=M$1,ROW(),"") | N90: =IF(Compte=N$1,ROW(),"") | O90: =IF(Compte=O$1,ROW(),"") | P90: =IF(Compte=P$1,ROW(),"") | Q90: =IF(Compte=Q$1,ROW(),"") | R90: =IF(Compte=R$1,ROW(),"") | S90: =IF(Compte=S$1,ROW(),"") -> 90 | T90: =IF(Compte=T$1,ROW(),"") | ... BA90: =IF(Compte=BA$1,ROW(),"")
... A95: 43754 | B95: Tennis de table | C95: Subv 2018-2019 | D95: 467010 | E95: b CIN | F95: Virement | G95: 1910 | I95: =D95&"_"&COUNTIF($D$1:D95,D95) -> 467010_12 | K95: =IF(SAISIE!$E95="b CIN",ROW(),"") -> 95 | L95: =IF(SAISIE!$E95="l CIN",ROW(),"") | M95: =IF(Compte=M$1,ROW(),"") | N95: =IF(Compte=N$1,ROW(),"") | O95: =IF(Compte=O$1,ROW(),"") | P95: =IF(Compte=P$1,ROW(),"") | Q95: =IF(Compte=Q$1,ROW(),"") | R95: =IF(Compte=R$1,ROW(),"") | S95: =IF(Compte=S$1,ROW(),"") | T95: =IF(Compte=T$1,ROW(),"") -> 95 | ... BA95: =IF(Compte=BA$1,ROW(),"")
A96: 43754 | C96: URSSAF 09 – 2019 | D96: 467100 | E96: b CIN | F96: Prélèvement | G96: 1910 | I96: =D96&"_"&COUNTIF($D$1:D96,D96) -> 467100_7 | K96: =IF(SAISIE!$E96="b CIN",ROW(),"") -> 96 | L96: =IF(SAISIE!$E96="l CIN",ROW(),"") | M96: =IF(Compte=M$1,ROW(),"") | N96: =IF(Compte=N$1,ROW(),"") | O96: =IF(Compte=O$1,ROW(),"") | P96: =IF(Compte=P$1,ROW(),"") | Q96: =IF(Compte=Q$1,ROW(),"") | R96: =IF(Compte=R$1,ROW(),"") | S96: =IF(Compte=S$1,ROW(),"") | T96: =IF(Compte=T$1,ROW(),"") | ... BA96: =IF(Compte=BA$1,ROW(),"")
A97: 43754 | B97: Comité directeur | C97: URSSAF 09 – 2019 | D97: 431100 | E97: b CIN | F97: Prélèvement | G97: 1910 | I97: =D97&"_"&COUNTIF($D$1:D97,D97) -> 431100_3 | K97: =IF(SAISIE!$E97="b CIN",ROW(),"") -> 97 | L97: =IF(SAISIE!$E97="l CIN",ROW(),"") | M97: =IF(Compte=M$1,ROW(),"") | N97: =IF(Compte=N$1,ROW(),"") -> 97 | O97: =IF(Compte=O$1,ROW(),"") | P97: =IF(Compte=P$1,ROW(),"") | Q97: =IF(Compte=Q$1,ROW(),"") | R97: =IF(Compte=R$1,ROW(),"") | S97: =IF(Compte=S$1,ROW(),"") | T97: =IF(Compte=T$1,ROW(),"") | ... BA97: =IF(Compte=BA$1,ROW(),"")
A98: 43754 | C98: Pole Emploi 09 – 2019 | D98: 467110 | E98: b CIN | F98: Prélèvement | G98: 1910 | I98: =D98&"_"&COUNTIF($D$1:D98,D98) -> 467110_7 | K98: =IF(SAISIE!$E98="b CIN",ROW(),"") -> 98 | L98: =IF(SAISIE!$E98="l CIN",ROW(),"") | M98: =IF(Compte=M$1,ROW(),"") | N98: =IF(Compte=N$1,ROW(),"") | O98: =IF(Compte=O$1,ROW(),"") | P98: =IF(Compte=P$1,ROW(),"") | Q98: =IF(Compte=Q$1,ROW(),"") | R98: =IF(Compte=R$1,ROW(),"") | S98: =IF(Compte=S$1,ROW(),"") | T98: =IF(Compte=T$1,ROW(),"") | ... BA98: =IF(Compte=BA$1,ROW(),"")
A99: 43754 | B99: Comité directeur | C99: Pole Emploi 09 – 2019 | D99: 437400 | E99: b CIN | F99: Prélèvement | G99: 1910 | I99: =D99&"_"&COUNTIF($D$1:D99,D99) -> 437400_3 | K99: =IF(SAISIE!$E99="b CIN",ROW(),"") -> 99 | L99: =IF(SAISIE!$E99="l CIN",ROW(),"") | M99: =IF(Compte=M$1,ROW(),"") | N99: =IF(Compte=N$1,ROW(),"") | O99: =IF(Compte=O$1,ROW(),"") | P99: =IF(Compte=P$1,ROW(),"") | Q99: =IF(Compte=Q$1,ROW(),"") -> 99 | R99: =IF(Compte=R$1,ROW(),"") | S99: =IF(Compte=S$1,ROW(),"") | T99: =IF(Compte=T$1,ROW(),"") | ... BA99: =IF(Compte=BA$1,ROW(),"")
A100: 43754 | B100: Comité directeur | C100: Arrondi URSSAF 09 – 2019 | D100: 645100 | E100: b CIN | F100: Prélèvement | G100: 1910 | I100: =D100&"_"&COUNTIF($D$1:D100,D100) -> 645100_3 | K100: =IF(SAISIE!$E100="b CIN",ROW(),"") -> 100 | L100: =IF(SAISIE!$E100="l CIN",ROW(),"") | M100: =IF(Compte=M$1,ROW(),"") | N100: =IF(Compte=N$1,ROW(),"") | O100: =IF(Compte=O$1,ROW(),"") | P100: =IF(Compte=P$1,ROW(),"") | Q100: =IF(Compte=Q$1,ROW(),"") | R100: =IF(Compte=R$1,ROW(),"") | S100: =IF(Compte=S$1,ROW(),"") | T100: =IF(Compte=T$1,ROW(),"") | ... BA100: =IF(Compte=BA$1,ROW(),"")
A101: 43755 | B101: Natation | C101: Rbt URSSAF 3è trim | D101: 467100 | E101: b CIN | F101: Virement | G101: 1910 | I101: =D101&"_"&COUNTIF($D$1:D101,D101) -> 467100_8 | K101: =IF(SAISIE!$E101="b CIN",ROW(),"") -> 101 | L101: =IF(SAISIE!$E101="l CIN",ROW(),"") | M101: =IF(Compte=M$1,ROW(),"") | N101: =IF(Compte=N$1,ROW(),"") | O101: =IF(Compte=O$1,ROW(),"") | P101: =IF(Compte=P$1,ROW(),"") | Q101: =IF(Compte=Q$1,ROW(),"") | R101: =IF(Compte=R$1,ROW(),"") | S101: =IF(Compte=S$1,ROW(),"") | T101: =IF(Compte=T$1,ROW(),"") | ... BA101: =IF(Compte=BA$1,ROW(),"")
A102: 43755 | B102: Natation | C102: Rbt Pole Emploi 3è trim | D102: 467110 | E102: b CIN | F102: Virement | G102: 1910 | I102: =D102&"_"&COUNTIF($D$1:D102,D102) -> 467110_8 | K102: =IF(SAISIE!$E102="b CIN",ROW(),"") -> 102 | L102: =IF(SAISIE!$E102="l CIN",ROW(),"") | M102: =IF(Compte=M$1,ROW(),"") | N102: =IF(Compte=N$1,ROW(),"") | O102: =IF(Compte=O$1,ROW(),"") | P102: =IF(Compte=P$1,ROW(),"") | Q102: =IF(Compte=Q$1,ROW(),"") | R102: =IF(Compte=R$1,ROW(),"") | S102: =IF(Compte=S$1,ROW(),"") | T102: =IF(Compte=T$1,ROW(),"") | ... BA102: =IF(Compte=BA$1,ROW(),"")
A103: 43755 | B103: Natation | C103: Rbt Humanis 3è trim | D103: 467120 | E103: b CIN | F103: Virement | G103: 1910 | I103: =D103&"_"&COUNTIF($D$1:D103,D103) -> 467120_7 | K103: =IF(SAISIE!$E103="b CIN",ROW(),"") -> 103 | L103: =IF(SAISIE!$E103="l CIN",ROW(),"") | M103: =IF(Compte=M$1,ROW(),"") | N103: =IF(Compte=N$1,ROW(),"") | O103: =IF(Compte=O$1,ROW(),"") | P103: =IF(Compte=P$1,ROW(),"") | Q103: =IF(Compte=Q$1,ROW(),"") | R103: =IF(Compte=R$1,ROW(),"") | S103: =IF(Compte=S$1,ROW(),"") | T103: =IF(Compte=T$1,ROW(),"") | ... BA103: =IF(Compte=BA$1,ROW(),"")
A104: 43755 | C104: St Contest | D104: 471000 | E104: b CIN | F104: Virement | G104: 1910 | I104: =D104&"_"&COUNTIF($D$1:D104,D104) -> 471000_1 | K104: =IF(SAISIE!$E104="b CIN",ROW(),"") -> 104 | L104: =IF(SAISIE!$E104="l CIN",ROW(),"") | M104: =IF(Compte=M$1,ROW(),"") | N104: =IF(Compte=N$1,ROW(),"") | O104: =IF(Compte=O$1,ROW(),"") | P104: =IF(Compte=P$1,ROW(),"") | Q104: =IF(Compte=Q$1,ROW(),"") | R104: =IF(Compte=R$1,ROW(),"") | S104: =IF(Compte=S$1,ROW(),"") | T104: =IF(Compte=T$1,ROW(),"") | ... BA104: =IF(Compte=BA$1,ROW(),"")
A105: 43756 | B105: Hockey | C105: Subv 2018-2019 | D105: 467010 | E105: b CIN | F105: Virement | G105: 1910 | I105: =D105&"_"&COUNTIF($D$1:D105,D105) -> 467010_13 | K105: =IF(SAISIE!$E105="b CIN",ROW(),"") -> 105 | L105: =IF(SAISIE!$E105="l CIN",ROW(),"") | M105: =IF(Compte=M$1,ROW(),"") | N105: =IF(Compte=N$1,ROW(),"") | O105: =IF(Compte=O$1,ROW(),"") | P105: =IF(Compte=P$1,ROW(),"") | Q105: =IF(Compte=Q$1,ROW(),"") | R105: =IF(Compte=R$1,ROW(),"") | S105: =IF(Compte=S$1,ROW(),"") | T105: =IF(Compte=T$1,ROW(),"") -> 105 | ... BA105: =IF(Compte=BA$1,ROW(),"")
A106: 43757 | B106: Comité directeur | C106: Remb frais formation Emilie FICET sept+oct | D106: 618500 | E106: b CIN | F106: Virement | G106: 1910 | I106: =D106&"_"&COUNTIF($D$1:D106,D106) -> 618500_1 | K106: =IF(SAISIE!$E106="b CIN",ROW(),"") -> 106 | L106: =IF(SAISIE!$E106="l CIN",ROW(),"") | M106: =IF(Compte=M$1,ROW(),"") | N106: =IF(Compte=N$1,ROW(),"") | O106: =IF(Compte=O$1,ROW(),"") | P106: =IF(Compte=P$1,ROW(),"") | Q106: =IF(Compte=Q$1,ROW(),"") | R106: =IF(Compte=R$1,ROW(),"") | S106: =IF(Compte=S$1,ROW(),"") | T106: =IF(Compte=T$1,ROW(),"") | ... BA106: =IF(Compte=BA$1,ROW(),"")
A107: 43757 | B107: Comité directeur | C107: Remb cartouches imprimante Emilie FICET | D107: 606400 | E107: b CIN | F107: Virement | G107: 1910 | I107: =D107&"_"&COUNTIF($D$1:D107,D107) -> 606400_2 | K107: =IF(SAISIE!$E107="b CIN",ROW(),"") -> 107 | L107: =IF(SAISIE!$E107="l CIN",ROW(),"") | M107: =IF(Compte=M$1,ROW(),"") | N107: =IF(Compte=N$1,ROW(),"") | O107: =IF(Compte=O$1,ROW(),"") | P107: =IF(Compte=P$1,ROW(),"") | Q107: =IF(Compte=Q$1,ROW(),"") | R107: =IF(Compte=R$1,ROW(),"") | S107: =IF(Compte=S$1,ROW(),"") | T107: =IF(Compte=T$1,ROW(),"") | ... BA107: =IF(Compte=BA$1,ROW(),"")
A108: 43760 | B108: Judo | C108: Rbt URSSAF 3è trim | D108: 467100 | E108: b CIN | F108: Virement | G108: 1910 | I108: =D108&"_"&COUNTIF($D$1:D108,D108) -> 467100_9 | K108: =IF(SAISIE!$E108="b CIN",ROW(),"") -> 108 | L108: =IF(SAISIE!$E108="l CIN",ROW(),"") | M108: =IF(Compte=M$1,ROW(),"") | N108: =IF(Compte=N$1,ROW(),"") | O108: =IF(Compte=O$1,ROW(),"") | P108: =IF(Compte=P$1,ROW(),"") | Q108: =IF(Compte=Q$1,ROW(),"") | R108: =IF(Compte=R$1,ROW(),"") | S108: =IF(Compte=S$1,ROW(),"") | T108: =IF(Compte=T$1,ROW(),"") | ... BA108: =IF(Compte=BA$1,ROW(),"")
A109: 43760 | B109: Judo | C109: Rbt Pole Emploi 3è trim | D109: 467110 | E109: b CIN | F109: Virement | G109: 1910 | I109: =D109&"_"&COUNTIF($D$1:D109,D109) -> 467110_9 | K109: =IF(SAISIE!$E109="b CIN",ROW(),"") -> 109 | L109: =IF(SAISIE!$E109="l CIN",ROW(),"") | M109: =IF(Compte=M$1,ROW(),"") | N109: =IF(Compte=N$1,ROW(),"") | O109: =IF(Compte=O$1,ROW(),"") | P109: =IF(Compte=P$1,ROW(),"") | Q109: =IF(Compte=Q$1,ROW(),"") | R109: =IF(Compte=R$1,ROW(),"") | S109: =IF(Compte=S$1,ROW(),"") | T109: =IF(Compte=T$1,ROW(),"") | ... BA109: =IF(Compte=BA$1,ROW(),"")
A110: 43760 | B110: Judo | C110: Rbt Humanis 3è trim | D110: 467120 | E110: b CIN | F110: Virement | G110: 1910 | I110: =D110&"_"&COUNTIF($D$1:D110,D110) -> 467120_8 | K110: =IF(SAISIE!$E110="b CIN",ROW(),"") -> 110 | L110: =IF(SAISIE!$E110="l CIN",ROW(),"") | M110: =IF(Compte=M$1,ROW(),"") | N110: =IF(Compte=N$1,ROW(),"") | O110: =IF(Compte=O$1,ROW(),"") | P110: =IF(Compte=P$1,ROW(),"") | Q110: =IF(Compte=Q$1,ROW(),"") | R110: =IF(Compte=R$1,ROW(),"") | S110: =IF(Compte=S$1,ROW(),"") | T110: =IF(Compte=T$1,ROW(),"") | ... BA110: =IF(Compte=BA$1,ROW(),"")
A111: 43760 | B111: Hockey | C111: Participation heures Jordan ½ | D111: 791240 | E111: b CIN | F111: Virement | G111: 1910 | I111: =D111&"_"&COUNTIF($D$1:D111,D111) -> 791240_3 | K111: =IF(SAISIE!$E111="b CIN",ROW(),"") -> 111 | L111: =IF(SAISIE!$E111="l CIN",ROW(),"") | M111: =IF(Compte=M$1,ROW(),"") | N111: =IF(Compte=N$1,ROW(),"") | O111: =IF(Compte=O$1,ROW(),"") | P111: =IF(Compte=P$1,ROW(),"") | Q111: =IF(Compte=Q$1,ROW(),"") | R111: =IF(Compte=R$1,ROW(),"") | S111: =IF(Compte=S$1,ROW(),"") | T111: =IF(Compte=T$1,ROW(),"") | ... BA111: =IF(Compte=BA$1,ROW(),"") -> 111
A112: 43760 | B112: Hockey | C112: Remb TAP erreur virt | D112: 467190 | E112: b CIN | F112: Virement | G112: 1910 | I112: =D112&"_"&COUNTIF($D$1:D112,D112) -> 467190_5 | K112: =IF(SAISIE!$E112="b CIN",ROW(),"") -> 112 | L112: =IF(SAISIE!$E112="l CIN",ROW(),"") | M112: =IF(Compte=M$1,ROW(),"") | N112: =IF(Compte=N$1,ROW(),"") | O112: =IF(Compte=O$1,ROW(),"") | P112: =IF(Compte=P$1,ROW(),"") | Q112: =IF(Compte=Q$1,ROW(),"") | R112: =IF(Compte=R$1,ROW(),"") | S112: =IF(Compte=S$1,ROW(),"") | T112: =IF(Compte=T$1,ROW(),"") | ... BA112: =IF(Compte=BA$1,ROW(),"")
A113: 43761 | B113: Comité directeur | C113: DGFIP Prel à la source | D113: 442100 | E113: b CIN | F113: Prélèvement | G113: 1910 | I113: =D113&"_"&COUNTIF($D$1:D113,D113) -> 442100_3 | K113: =IF(SAISIE!$E113="b CIN",ROW(),"") -> 113 | L113: =IF(SAISIE!$E113="l CIN",ROW(),"") | M113: =IF(Compte=M$1,ROW(),"") | N113: =IF(Compte=N$1,ROW(),"") | O113: =IF(Compte=O$1,ROW(),"") | P113: =IF(Compte=P$1,ROW(),"") | Q113: =IF(Compte=Q$1,ROW(),"") | R113: =IF(Compte=R$1,ROW(),"") | S113: =IF(Compte=S$1,ROW(),"") -> 113 | T113: =IF(Compte=T$1,ROW(),"") | ... BA113: =IF(Compte=BA$1,ROW(),"")
A114: 43763 | C114: Humanis 09 - 2019 | D114: 467120 | E114: b CIN | F114: Prélèvement | G114: 1910 | I114: =D114&"_"&COUNTIF($D$1:D114,D114) -> 467120_9 | K114: =IF(SAISIE!$E114="b CIN",ROW(),"") -> 114 | L114: =IF(SAISIE!$E114="l CIN",ROW(),"") | M114: =IF(Compte=M$1,ROW(),"") | N114: =IF(Compte=N$1,ROW(),"") | O114: =IF(Compte=O$1,ROW(),"") | P114: =IF(Compte=P$1,ROW(),"") | Q114: =IF(Compte=Q$1,ROW(),"") | R114: =IF(Compte=R$1,ROW(),"") | S114: =IF(Compte=S$1,ROW(),"") | T114: =IF(Compte=T$1,ROW(),"") | ... BA114: =IF(Compte=BA$1,ROW(),"")
A115: 43763 | B115: Comité directeur | C115: Humanis 09 - 2019 | D115: 437300 | E115: b CIN | F115: Prélèvement | G115: 1910 | I115: =D115&"_"&COUNTIF($D$1:D115,D115) -> 437300_3 | K115: =IF(SAISIE!$E115="b CIN",ROW(),"") -> 115 | L115: =IF(SAISIE!$E115="l CIN",ROW(),"") | M115: =IF(Compte=M$1,ROW(),"") | N115: =IF(Compte=N$1,ROW(),"") | O115: =IF(Compte=O$1,ROW(),"") -> 115 | P115: =IF(Compte=P$1,ROW(),"") | Q115: =IF(Compte=Q$1,ROW(),"") | R115: =IF(Compte=R$1,ROW(),"") | S115: =IF(Compte=S$1,ROW(),"") | T115: =IF(Compte=T$1,ROW(),"") | ... BA115: =IF(Compte=BA$1,ROW(),"")
...

Sheet CIC COMPTE COURANT
A1: Date | B1: Section | C1: Désignation de l'opération | D1: Relevé Banque | E1: Montant | F1: Solde
C2: Report saison 2018/2019 | F2: 1000
A3: =IF(ROW()-3>COUNTIF(SAISIE!$K$2:$K$299,">"&2),"",INDIRECT(ADDRESS(SMALL(SAISIE!$K$2:$K$299,ROW()-2),MATCH(A$1,SAISIE!$A$1:$H$1,0),4,1,"SAISIE"),1)) -> 43710 | B3: =IF(ROW()-3>COUNTIF(SAISIE!$K$2:$K$299,">"&2),"",INDIRECT(ADDRESS(SMALL(SAISIE!$K$2:$K$299,ROW()-2),MATCH(B$1,SAISIE!$A$1:$H$1,0),4,1,"SAISIE"),1)) -> Comité directeur | C3: =IF(ROW()-3>COUNTIF(SAISIE!$K$2:$K$299,">"&2),"",INDIRECT(ADDRESS(SMALL(SAISIE!$K$2:$K$299,ROW()-2),MATCH(C$1,SAISIE!$A$1:$H$1,0),4,1,"SAISIE"),1)) -> Virt du Cpte Livret | D3: =IF(ROW()-3>COUNTIF(SAISIE!$K$2:$K$299,">"&2),"",INDIRECT(ADDRESS(SMALL(SAISIE!$K$2:$K$299,ROW()-2),MATCH(D$1,SAISIE!$A$1:$H$1,0),4,1,"SAISIE"),1)) -> 1909 | E3: =IF(ROW()-2>COUNTIF(SAISIE!$L$2:$L$299,">"&2),0,INDIRECT(ADDRESS(SMALL(SAISIE!$L$2:$L$299,ROW()-2),MATCH(E$1,SAISIE!$A$1:$H$1,0),4,1,"SAISIE"),1)) -> 10000 | F3: =+F2+E3 -> 11000
A4: =IF(ROW()-3>COUNTIF(SAISIE!$K$2:$K$299,">"&2),"",INDIRECT(ADDRESS(SMALL(SAISIE!$K$2:$K$299,ROW()-2),MATCH(A$1,SAISIE!$A$1:$H$1,0),4,1,"SAISIE"),1)) -> 43710 | B4: =IF(ROW()-3>COUNTIF(SAISIE!$K$2:$K$299,">"&2),"",INDIRECT(ADDRESS(SMALL(SAISIE!$K$2:$K$299,ROW()-2),MATCH(B$1,SAISIE!$A$1:$H$1,0),4,1,"SAISIE"),1)) -> Athlétisme | C4: =IF(ROW()-3>COUNTIF(SAISIE!$K$2:$K$299,">"&2),"",INDIRECT(ADDRESS(SMALL(SAISIE!$K$2:$K$299,ROW()-2),MATCH(C$1,SAISIE!$A$1:$H$1,0),4,1,"SAISIE"),1)) -> Subv 2018-2019 | D4: =IF(ROW()-3>COUNTIF(SAISIE!$K$2:$K$299,">"&2),"",INDIRECT(ADDRESS(SMALL(SAISIE!$K$2:$K$299,ROW()-2),MATCH(D$1,SAISIE!$A$1:$H$1,0),4,1,"SAISIE"),1)) -> 1909 | E4: =IF(ROW()-2>COUNTIF(SAISIE!$L$2:$L$299,">"&2),0,INDIRECT(ADDRESS(SMALL(SAISIE!$L$2:$L$299,ROW()-2),MATCH(E$1,SAISIE!$A$1:$H$1,0),4,1,"SAISIE"),1)) -> 0 | F4: =+F3+E4 -> 11000
A5: =IF(ROW()-3>COUNTIF(SAISIE!$K$2:$K$299,">"&2),"",INDIRECT(ADDRESS(SMALL(SAISIE!$K$2:$K$299,ROW()-2),MATCH(A$1,SAISIE!$A$1:$H$1,0),4,1,"SAISIE"),1)) -> 43711 | B5: =IF(ROW()-3>COUNTIF(SAISIE!$K$2:$K$299,">"&2),"",INDIRECT(ADDRESS(SMALL(SAISIE!$K$2:$K$299,ROW()-2),MATCH(B$1,SAISIE!$A$1:$H$1,0),4,1,"SAISIE"),1)) -> Natation | C5: =IF(ROW()-3>COUNTIF(SAISIE!$K$2:$K$299,">"&2),"",INDIRECT(ADDRESS(SMALL(SAISIE!$K$2:$K$299,ROW()-2),MATCH(C$1,SAISIE!$A$1:$H$1,0),4,1,"SAISIE"),1)) -> Rbt location minibus FACT 54 | D5: =IF(ROW()-3>COUNTIF(SAISIE!$K$2:$K$299,">"&2),"",INDIRECT(ADDRESS(SMALL(SAISIE!$K$2:$K$299,ROW()-2),MATCH(D$1,SAISIE!$A$1:$H$1,0),4,1,"SAISIE"),1)) -> 1909 | E5: =IF(ROW()-2>COUNTIF(SAISIE!$L$2:$L$299,">"&2),0,INDIRECT(ADDRESS(SMALL(SAISIE!$L$2:$L$299,ROW()-2),MATCH(E$1,SAISIE!$A$1:$H$1,0),4,1,"SAISIE"),1)) -> 0 | F5: =+F4+E5 -> 11000
A6: =IF(ROW()-3>COUNTIF(SAISIE!$K$2:$K$299,">"&2),"",INDIRECT(ADDRESS(SMALL(SAISIE!$K$2:$K$299,ROW()-2),MATCH(A$1,SAISIE!$A$1:$H$1,0),4,1,"SAISIE"),1)) -> 43711 | B6: =IF(ROW()-3>COUNTIF(SAISIE!$K$2:$K$299,">"&2),"",INDIRECT(ADDRESS(SMALL(SAISIE!$K$2:$K$299,ROW()-2),MATCH(B$1,SAISIE!$A$1:$H$1,0),4,1,"SAISIE"),1)) -> Natation | C6: =IF(ROW()-3>COUNTIF(SAISIE!$K$2:$K$299,">"&2),"",INDIRECT(ADDRESS(SMALL(SAISIE!$K$2:$K$299,ROW()-2),MATCH(C$1,SAISIE!$A$1:$H$1,0),4,1,"SAISIE"),1)) -> Rbt location minibus FACT 50 | D6: =IF(ROW()-3>COUNTIF(SAISIE!$K$2:$K$299,">"&2),"",INDIRECT(ADDRESS(SMALL(SAISIE!$K$2:$K$299,ROW()-2),MATCH(D$1,SAISIE!$A$1:$H$1,0),4,1,"SAISIE"),1)) -> 1909 | E6: =IF(ROW()-2>COUNTIF(SAISIE!$L$2:$L$299,">"&2),0,INDIRECT(ADDRESS(SMALL(SAISIE!$L$2:$L$299,ROW()-2),MATCH(E$1,SAISIE!$A$1:$H$1,0),4,1,"SAISIE"),1)) -> 0 | F6: =+F5+E6 -> 11000
A7: =IF(ROW()-3>COUNTIF(SAISIE!$K$2:$K$299,">"&2),"",INDIRECT(ADDRESS(SMALL(SAISIE!$K$2:$K$299,ROW()-2),MATCH(A$1,SAISIE!$A$1:$H$1,0),4,1,"SAISIE"),1)) -> 43711 | B7: =IF(ROW()-3>COUNTIF(SAISIE!$K$2:$K$299,">"&2),"",INDIRECT(ADDRESS(SMALL(SAISIE!$K$2:$K$299,ROW()-2),MATCH(B$1,SAISIE!$A$1:$H$1,0),4,1,"SAISIE"),1)) -> Natation | C7: =IF(ROW()-3>COUNTIF(SAISIE!$K$2:$K$299,">"&2),"",INDIRECT(ADDRESS(SMALL(SAISIE!$K$2:$K$299,ROW()-2),MATCH(C$1,SAISIE!$A$1:$H$1,0),4,1,"SAISIE"),1)) -> Rbt URSSAF 1èr trim | D7: =IF(ROW()-3>COUNTIF(SAISIE!$K$2:$K$299,">"&2),"",INDIRECT(ADDRESS(SMALL(SAISIE!$K$2:$K$299,ROW()-2),MATCH(D$1,SAISIE!$A$1:$H$1,0),4,1,"SAISIE"),1)) -> 1909 | E7: =IF(ROW()-2>COUNTIF(SAISIE!$L$2:$L$299,">"&2),0,INDIRECT(ADDRESS(SMALL(SAISIE!$L$2:$L$299,ROW()-2),MATCH(E$1,SAISIE!$A$1:$H$1,0),4,1,"SAISIE"),1)) -> 0 | F7: =+F6+E7 -> 11000
A8: =IF(ROW()-3>COUNTIF(SAISIE!$K$2:$K$299,">"&2),"",INDIRECT(ADDRESS(SMALL(SAISIE!$K$2:$K$299,ROW()-2),MATCH(A$1,SAISIE!$A$1:$H$1,0),4,1,"SAISIE"),1)) -> 43711 | B8: =IF(ROW()-3>COUNTIF(SAISIE!$K$2:$K$299,">"&2),"",INDIRECT(ADDRESS(SMALL(SAISIE!$K$2:$K$299,ROW()-2),MATCH(B$1,SAISIE!$A$1:$H$1,0),4,1,"SAISIE"),1)) -> Natation | C8: =IF(ROW()-3>COUNTIF(SAISIE!$K$2:$K$299,">"&2),"",INDIRECT(ADDRESS(SMALL(SAISIE!$K$2:$K$299,ROW()-2),MATCH(C$1,SAISIE!$A$1:$H$1,0),4,1,"SAISIE"),1)) -> Rbt Pole Emploi 1er trim | D8: =IF(ROW()-3>COUNTIF(SAISIE!$K$2:$K$299,">"&2),"",INDIRECT(ADDRESS(SMALL(SAISIE!$K$2:$K$299,ROW()-2),MATCH(D$1,SAISIE!$A$1:$H$1,0),4,1,"SAISIE"),1)) -> 1909 | E8: =IF(ROW()-2>COUNTIF(SAISIE!$L$2:$L$299,">"&2),0,INDIRECT(ADDRESS(SMALL(SAISIE!$L$2:$L$299,ROW()-2),MATCH(E$1,SAISIE!$A$1:$H$1,0),4,1,"SAISIE"),1)) -> 0 | F8: =+F7+E8 -> 11000
A9: =IF(ROW()-3>COUNTIF(SAISIE!$K$2:$K$299,">"&2),"",INDIRECT(ADDRESS(SMALL(SAISIE!$K$2:$K$299,ROW()-2),MATCH(A$1,SAISIE!$A$1:$H$1,0),4,1,"SAISIE"),1)) -> 43711 | B9: =IF(ROW()-3>COUNTIF(SAISIE!$K$2:$K$299,">"&2),"",INDIRECT(ADDRESS(SMALL(SAISIE!$K$2:$K$299,ROW()-2),MATCH(B$1,SAISIE!$A$1:$H$1,0),4,1,"SAISIE"),1)) -> Natation | C9: =IF(ROW()-3>COUNTIF(SAISIE!$K$2:$K$299,">"&2),"",INDIRECT(ADDRESS(SMALL(SAISIE!$K$2:$K$299,ROW()-2),MATCH(C$1,SAISIE!$A$1:$H$1,0),4,1,"SAISIE"),1)) -> Rbt Humanis 1er trim | D9: =IF(ROW()-3>COUNTIF(SAISIE!$K$2:$K$299,">"&2),"",INDIRECT(ADDRESS(SMALL(SAISIE!$K$2:$K$299,ROW()-2),MATCH(D$1,SAISIE!$A$1:$H$1,0),4,1,"SAISIE"),1)) -> 1909 | E9: =IF(ROW()-2>COUNTIF(SAISIE!$L$2:$L$299,">"&2),0,INDIRECT(ADDRESS(SMALL(SAISIE!$L$2:$L$299,ROW()-2),MATCH(E$1,SAISIE!$A$1:$H$1,0),4,1,"SAISIE"),1)) -> 0 | F9: =+F8+E9 -> 11000
A10: =IF(ROW()-3>COUNTIF(SAISIE!$K$2:$K$299,">"&2),"",INDIRECT(ADDRESS(SMALL(SAISIE!$K$2:$K$299,ROW()-2),MATCH(A$1,SAISIE!$A$1:$H$1,0),4,1,"SAISIE"),1)) -> 43711 | B10: =IF(ROW()-3>COUNTIF(SAISIE!$K$2:$K$299,">"&2),"",INDIRECT(ADDRESS(SMALL(SAISIE!$K$2:$K$299,ROW()-2),MATCH(B$1,SAISIE!$A$1:$H$1,0),4,1,"SAISIE"),1)) -> Natation | C10: =IF(ROW()-3>COUNTIF(SAISIE!$K$2:$K$299,">"&2),"",INDIRECT(ADDRESS(SMALL(SAISIE!$K$2:$K$299,ROW()-2),MATCH(C$1,SAISIE!$A$1:$H$1,0),4,1,"SAISIE"),1)) -> Rbt location minibus FACT 43 | D10: =IF(ROW()-3>COUNTIF(SAISIE!$K$2:$K$299,">"&2),"",INDIRECT(ADDRESS(SMALL(SAISIE!$K$2:$K$299,ROW()-2),MATCH(D$1,SAISIE!$A$1:$H$1,0),4,1,"SAISIE"),1)) -> 1909 | E10: =IF(ROW()-2>COUNTIF(SAISIE!$L$2:$L$299,">"&2),0,INDIRECT(ADDRESS(SMALL(SAISIE!$L$2:$L$299,ROW()-2),MATCH(E$1,SAISIE!$A$1:$H$1,0),4,1,"SAISIE"),1)) -> 0 | F10: =+F9+E10 -> 11000
A11: =IF(ROW()-3>COUNTIF(SAISIE!$K$2:$K$299,">"&2),"",INDIRECT(ADDRESS(SMALL(SAISIE!$K$2:$K$299,ROW()-2),MATCH(A$1,SAISIE!$A$1:$H$1,0),4,1,"SAISIE"),1)) -> 43711 | B11: =IF(ROW()-3>COUNTIF(SAISIE!$K$2:$K$299,">"&2),"",INDIRECT(ADDRESS(SMALL(SAISIE!$K$2:$K$299,ROW()-2),MATCH(B$1,SAISIE!$A$1:$H$1,0),4,1,"SAISIE"),1)) -> Natation | C11: =IF(ROW()-3>COUNTIF(SAISIE!$K$2:$K$299,">"&2),"",INDIRECT(ADDRESS(SMALL(SAISIE!$K$2:$K$299,ROW()-2),MATCH(C$1,SAISIE!$A$1:$H$1,0),4,1,"SAISIE"),1)) -> Rbt URSSAF 2è trim | D11: =IF(ROW()-3>COUNTIF(SAISIE!$K$2:$K$299,">"&2),"",INDIRECT(ADDRESS(SMALL(SAISIE!$K$2:$K$299,ROW()-2),MATCH(D$1,SAISIE!$A$1:$H$1,0),4,1,"SAISIE"),1)) -> 1909 | E11: =IF(ROW()-2>COUNTIF(SAISIE!$L$2:$L$299,">"&2),0,INDIRECT(ADDRESS(SMALL(SAISIE!$L$2:$L$299,ROW()-2),MATCH(E$1,SAISIE!$A$1:$H$1,0),4,1,"SAISIE"),1)) -> 0 | F11: =+F10+E11 -> 11000
A12: =IF(ROW()-3>COUNTIF(SAISIE!$K$2:$K$299,">"&2),"",INDIRECT(ADDRESS(SMALL(SAISIE!$K$2:$K$299,ROW()-2),MATCH(A$1,SAISIE!$A$1:$H$1,0),4,1,"SAISIE"),1)) -> 43711 | B12: =IF(ROW()-3>COUNTIF(SAISIE!$K$2:$K$299,">"&2),"",INDIRECT(ADDRESS(SMALL(SAISIE!$K$2:$K$299,ROW()-2),MATCH(B$1,SAISIE!$A$1:$H$1,0),4,1,"SAISIE"),1)) -> Natation | C12: =IF(ROW()-3>COUNTIF(SAISIE!$K$2:$K$299,">"&2),"",INDIRECT(ADDRESS(SMALL(SAISIE!$K$2:$K$299,ROW()-2),MATCH(C$1,SAISIE!$A$1:$H$1,0),4,1,"SAISIE"),1)) -> Rbt Pole Emploi 2è trim | D12: =IF(ROW()-3>COUNTIF(SAISIE!$K$2:$K$299,">"&2),"",INDIRECT(ADDRESS(SMALL(SAISIE!$K$2:$K$299,ROW()-2),MATCH(D$1,SAISIE!$A$1:$H$1,0),4,1,"SAISIE"),1)) -> 1909 | E12: =IF(ROW()-2>COUNTIF(SAISIE!$L$2:$L$299,">"&2),0,INDIRECT(ADDRESS(SMALL(SAISIE!$L$2:$L$299,ROW()-2),MATCH(E$1,SAISIE!$A$1:$H$1,0),4,1,"SAISIE"),1)) -> 0 | F12: =+F11+E12 -> 11000
A13: =IF(ROW()-3>COUNTIF(SAISIE!$K$2:$K$299,">"&2),"",INDIRECT(ADDRESS(SMALL(SAISIE!$K$2:$K$299,ROW()-2),MATCH(A$1,SAISIE!$A$1:$H$1,0),4,1,"SAISIE"),1)) -> 43711 | B13: =IF(ROW()-3>COUNTIF(SAISIE!$K$2:$K$299,">"&2),"",INDIRECT(ADDRESS(SMALL(SAISIE!$K$2:$K$299,ROW()-2),MATCH(B$1,SAISIE!$A$1:$H$1,0),4,1,"SAISIE"),1)) -> Natation | C13: =IF(ROW()-3>COUNTIF(SAISIE!$K$2:$K$299,">"&2),"",INDIRECT(ADDRESS(SMALL(SAISIE!$K$2:$K$299,ROW()-2),MATCH(C$1,SAISIE!$A$1:$H$1,0),4,1,"SAISIE"),1)) -> Rbt Humanis 2è trim | D13: =IF(ROW()-3>COUNTIF(SAISIE!$K$2:$K$299,">"&2),"",INDIRECT(ADDRESS(SMALL(SAISIE!$K$2:$K$299,ROW()-2),MATCH(D$1,SAISIE!$A$1:$H$1,0),4,1,"SAISIE"),1)) -> 1909 | E13: =IF(ROW()-2>COUNTIF(SAISIE!$L$2:$L$299,">"&2),0,INDIRECT(ADDRESS(SMALL(SAISIE!$L$2:$L$299,ROW()-2),MATCH(E$1,SAISIE!$A$1:$H$1,0),4,1,"SAISIE"),1)) -> 0 | F13: =+F12+E13 -> 11000
A14: =IF(ROW()-3>COUNTIF(SAISIE!$K$2:$K$299,">"&2),"",INDIRECT(ADDRESS(SMALL(SAISIE!$K$2:$K$299,ROW()-2),MATCH(A$1,SAISIE!$A$1:$H$1,0),4,1,"SAISIE"),1)) -> 43711 | B14: =IF(ROW()-3>COUNTIF(SAISIE!$K$2:$K$299,">"&2),"",INDIRECT(ADDRESS(SMALL(SAISIE!$K$2:$K$299,ROW()-2),MATCH(B$1,SAISIE!$A$1:$H$1,0),4,1,"SAISIE"),1)) -> Natation | C14: =IF(ROW()-3>COUNTIF(SAISIE!$K$2:$K$299,">"&2),"",INDIRECT(ADDRESS(SMALL(SAISIE!$K$2:$K$299,ROW()-2),MATCH(C$1,SAISIE!$A$1:$H$1,0),4,1,"SAISIE"),1)) -> Rbt Chorum 2eme trim | D14: =IF(ROW()-3>COUNTIF(SAISIE!$K$2:$K$299,">"&2),"",INDIRECT(ADDRESS(SMALL(SAISIE!$K$2:$K$299,ROW()-2),MATCH(D$1,SAISIE!$A$1:$H$1,0),4,1,"SAISIE"),1)) -> 1909 | E14: =IF(ROW()-2>COUNTIF(SAISIE!$L$2:$L$299,">"&2),0,INDIRECT(ADDRESS(SMALL(SAISIE!$L$2:$L$299,ROW()-2),MATCH(E$1,SAISIE!$A$1:$H$1,0),4,1,"SAISIE"),1)) -> 0 | F14: =+F13+E14 -> 11000
... A300: =IF(ROW()-3>COUNTIF(SAISIE!$K$2:$K$299,">"&2),"",INDIRECT(ADDRESS(SMALL(SAISIE!$K$2:$K$299,ROW()-2),MATCH(A$1,SAISIE!$A$1:$H$1,0),4,1,"SAISIE"),1)) | B300: =IF(ROW()-3>COUNTIF(SAISIE!$K$2:$K$299,">"&2),"",INDIRECT(ADDRESS(SMALL(SAISIE!$K$2:$K$299,ROW()-2),MATCH(B$1,SAISIE!$A$1:$H$1,0),4,1,"SAISIE"),1)) | C300: =IF(ROW()-3>COUNTIF(SAISIE!$K$2:$K$299,">"&2),"",INDIRECT(ADDRESS(SMALL(SAISIE!$K$2:$K$299,ROW()-2),MATCH(C$1,SAISIE!$A$1:$H$1,0),4,1,"SAISIE"),1)) | D300: =IF(ROW()-3>COUNTIF(SAISIE!$K$2:$K$299,">"&2),"",INDIRECT(ADDRESS(SMALL(SAISIE!$K$2:$K$299,ROW()-2),MATCH(D$1,SAISIE!$A$1:$H$1,0),4,1,"SAISIE"),1)) | E300: =IF(ROW()-2>COUNTIF(SAISIE!$L$2:$L$299,">"&2),0,INDIRECT(ADDRESS(SMALL(SAISIE!$L$2:$L$299,ROW()-2),MATCH(E$1,SAISIE!$A$1:$H$1,0),4,1,"SAISIE"),1)) -> 0 | F300: =+F299+E300 -> 11000

Sheet CIC LIVRET
A1: Date | B1: Chèque n° | C1: Désignation de l'opération | D1: Relevé Banque | E1: Montant | F1: Solde
C2: Report saison 2018/2019 | F2: 1000
A3: =IF(ROW()-2>COUNTIF(SAISIE!$L$2:$L$299,">"&2),"",INDIRECT(ADDRESS(SMALL(SAISIE!$L$2:$L$299,ROW()-2),MATCH(A$1,SAISIE!$A$1:$H$1,0),4,1,"SAISIE"),1)) -> 43710 | C3: =IF(ROW()-2>COUNTIF(SAISIE!$L$2:$L$299,">"&2),"",INDIRECT(ADDRESS(SMALL(SAISIE!$L$2:$L$299,ROW()-2),MATCH(C$1,SAISIE!$A$1:$H$1,0),4,1,"SAISIE"),1)) -> Virt au Cpte Courant | D3: =IF(ROW()-2>COUNTIF(SAISIE!$L$2:$L$299,">"&2),"",INDIRECT(ADDRESS(SMALL(SAISIE!$L$2:$L$299,ROW()-2),MATCH(D$1,SAISIE!$A$1:$H$1,0),4,1,"SAISIE"),1)) -> 1909 | E3: =IF(ROW()-2>COUNTIF(SAISIE!$L$2:$L$299,">"&2),0,INDIRECT(ADDRESS(SMALL(SAISIE!$L$2:$L$299,ROW()-2),MATCH(E$1,SAISIE!$A$1:$H$1,0),4,1,"SAISIE"),1)) -> 10000 | F3: =+F2+E3 -> 11000
A4: =IF(ROW()-2>COUNTIF(SAISIE!$L$2:$L$299,">"&2),"",INDIRECT(ADDRESS(SMALL(SAISIE!$L$2:$L$299,ROW()-2),MATCH(A$1,SAISIE!$A$1:$H$1,0),4,1,"SAISIE"),1)) -> 43720 | C4: =IF(ROW()-2>COUNTIF(SAISIE!$L$2:$L$299,">"&2),"",INDIRECT(ADDRESS(SMALL(SAISIE!$L$2:$L$299,ROW()-2),MATCH(C$1,SAISIE!$A$1:$H$1,0),4,1,"SAISIE"),1)) -> Virt au Cpte Courant | D4: =IF(ROW()-2>COUNTIF(SAISIE!$L$2:$L$299,">"&2),"",INDIRECT(ADDRESS(SMALL(SAISIE!$L$2:$L$299,ROW()-2),MATCH(D$1,SAISIE!$A$1:$H$1,0),4,1,"SAISIE"),1)) -> 1909 | E4: =IF(ROW()-2>COUNTIF(SAISIE!$L$2:$L$299,">"&2),0,INDIRECT(ADDRESS(SMALL(SAISIE!$L$2:$L$299,ROW()-2),MATCH(E$1,SAISIE!$A$1:$H$1,0),4,1,"SAISIE"),1)) -> 0 | F4: =+F3+E4 -> 11000
A5: =IF(ROW()-2>COUNTIF(SAISIE!$L$2:$L$299,">"&2),"",INDIRECT(ADDRESS(SMALL(SAISIE!$L$2:$L$299,ROW()-2),MATCH(A$1,SAISIE!$A$1:$H$1,0),4,1,"SAISIE"),1)) -> 43725 | C5: =IF(ROW()-2>COUNTIF(SAISIE!$L$2:$L$299,">"&2),"",INDIRECT(ADDRESS(SMALL(SAISIE!$L$2:$L$299,ROW()-2),MATCH(C$1,SAISIE!$A$1:$H$1,0),4,1,"SAISIE"),1)) -> Virt au Cpte Courant | D5: =IF(ROW()-2>COUNTIF(SAISIE!$L$2:$L$299,">"&2),"",INDIRECT(ADDRESS(SMALL(SAISIE!$L$2:$L$299,ROW()-2),MATCH(D$1,SAISIE!$A$1:$H$1,0),4,1,"SAISIE"),1)) -> 1909 | E5: =IF(ROW()-2>COUNTIF(SAISIE!$L$2:$L$299,">"&2),0,INDIRECT(ADDRESS(SMALL(SAISIE!$L$2:$L$299,ROW()-2),MATCH(E$1,SAISIE!$A$1:$H$1,0),4,1,"SAISIE"),1)) -> 0 | F5: =+F4+E5 -> 11000
A6: =IF(ROW()-2>COUNTIF(SAISIE!$L$2:$L$299,">"&2),"",INDIRECT(ADDRESS(SMALL(SAISIE!$L$2:$L$299,ROW()-2),MATCH(A$1,SAISIE!$A$1:$H$1,0),4,1,"SAISIE"),1)) | C6: =IF(ROW()-2>COUNTIF(SAISIE!$L$2:$L$299,">"&2),"",INDIRECT(ADDRESS(SMALL(SAISIE!$L$2:$L$299,ROW()-2),MATCH(C$1,SAISIE!$A$1:$H$1,0),4,1,"SAISIE"),1)) | D6: =IF(ROW()-2>COUNTIF(SAISIE!$L$2:$L$299,">"&2),"",INDIRECT(ADDRESS(SMALL(SAISIE!$L$2:$L$299,ROW()-2),MATCH(D$1,SAISIE!$A$1:$H$1,0),4,1,"SAISIE"),1)) | E6: =IF(ROW()-2>COUNTIF(SAISIE!$L$2:$L$299,">"&2),0,INDIRECT(ADDRESS(SMALL(SAISIE!$L$2:$L$299,ROW()-2),MATCH(E$1,SAISIE!$A$1:$H$1,0),4,1,"SAISIE"),1)) -> 0 | F6: =+F5+E6 -> 11000
A7: =IF(ROW()-2>COUNTIF(SAISIE!$L$2:$L$299,">"&2),"",INDIRECT(ADDRESS(SMALL(SAISIE!$L$2:$L$299,ROW()-2),MATCH(A$1,SAISIE!$A$1:$H$1,0),4,1,"SAISIE"),1)) | C7: =IF(ROW()-2>COUNTIF(SAISIE!$L$2:$L$299,">"&2),"",INDIRECT(ADDRESS(SMALL(SAISIE!$L$2:$L$299,ROW()-2),MATCH(C$1,SAISIE!$A$1:$H$1,0),4,1,"SAISIE"),1)) | D7: =IF(ROW()-2>COUNTIF(SAISIE!$L$2:$L$299,">"&2),"",INDIRECT(ADDRESS(SMALL(SAISIE!$L$2:$L$299,ROW()-2),MATCH(D$1,SAISIE!$A$1:$H$1,0),4,1,"SAISIE"),1)) | E7: =IF(ROW()-2>COUNTIF(SAISIE!$L$2:$L$299,">"&2),0,INDIRECT(ADDRESS(SMALL(SAISIE!$L$2:$L$299,ROW()-2),MATCH(E$1,SAISIE!$A$1:$H$1,0),4,1,"SAISIE"),1)) -> 0 | F7: =+F6+E7 -> 11000
A8: =IF(ROW()-2>COUNTIF(SAISIE!$L$2:$L$299,">"&2),"",INDIRECT(ADDRESS(SMALL(SAISIE!$L$2:$L$299,ROW()-2),MATCH(A$1,SAISIE!$A$1:$H$1,0),4,1,"SAISIE"),1)) | C8: =IF(ROW()-2>COUNTIF(SAISIE!$L$2:$L$299,">"&2),"",INDIRECT(ADDRESS(SMALL(SAISIE!$L$2:$L$299,ROW()-2),MATCH(C$1,SAISIE!$A$1:$H$1,0),4,1,"SAISIE"),1)) | D8: =IF(ROW()-2>COUNTIF(SAISIE!$L$2:$L$299,">"&2),"",INDIRECT(ADDRESS(SMALL(SAISIE!$L$2:$L$299,ROW()-2),MATCH(D$1,SAISIE!$A$1:$H$1,0),4,1,"SAISIE"),1)) | E8: =IF(ROW()-2>COUNTIF(SAISIE!$L$2:$L$299,">"&2),0,INDIRECT(ADDRESS(SMALL(SAISIE!$L$2:$L$299,ROW()-2),MATCH(E$1,SAISIE!$A$1:$H$1,0),4,1,"SAISIE"),1)) -> 0 | F8: =+F7+E8 -> 11000
A9: =IF(ROW()-2>COUNTIF(SAISIE!$L$2:$L$299,">"&2),"",INDIRECT(ADDRESS(SMALL(SAISIE!$L$2:$L$299,ROW()-2),MATCH(A$1,SAISIE!$A$1:$H$1,0),4,1,"SAISIE"),1)) | C9: =IF(ROW()-2>COUNTIF(SAISIE!$L$2:$L$299,">"&2),"",INDIRECT(ADDRESS(SMALL(SAISIE!$L$2:$L$299,ROW()-2),MATCH(C$1,SAISIE!$A$1:$H$1,0),4,1,"SAISIE"),1)) | D9: =IF(ROW()-2>COUNTIF(SAISIE!$L$2:$L$299,">"&2),"",INDIRECT(ADDRESS(SMALL(SAISIE!$L$2:$L$299,ROW()-2),MATCH(D$1,SAISIE!$A$1:$H$1,0),4,1,"SAISIE"),1)) | E9: =IF(ROW()-2>COUNTIF(SAISIE!$L$2:$L$299,">"&2),0,INDIRECT(ADDRESS(SMALL(SAISIE!$L$2:$L$299,ROW()-2),MATCH(E$1,SAISIE!$A$1:$H$1,0),4,1,"SAISIE"),1)) -> 0 | F9: =+F8+E9 -> 11000
A10: =IF(ROW()-2>COUNTIF(SAISIE!$L$2:$L$299,">"&2),"",INDIRECT(ADDRESS(SMALL(SAISIE!$L$2:$L$299,ROW()-2),MATCH(A$1,SAISIE!$A$1:$H$1,0),4,1,"SAISIE"),1)) | C10: =IF(ROW()-2>COUNTIF(SAISIE!$L$2:$L$299,">"&2),"",INDIRECT(ADDRESS(SMALL(SAISIE!$L$2:$L$299,ROW()-2),MATCH(C$1,SAISIE!$A$1:$H$1,0),4,1,"SAISIE"),1)) | D10: =IF(ROW()-2>COUNTIF(SAISIE!$L$2:$L$299,">"&2),"",INDIRECT(ADDRESS(SMALL(SAISIE!$L$2:$L$299,ROW()-2),MATCH(D$1,SAISIE!$A$1:$H$1,0),4,1,"SAISIE"),1)) | E10: =IF(ROW()-2>COUNTIF(SAISIE!$L$2:$L$299,">"&2),0,INDIRECT(ADDRESS(SMALL(SAISIE!$L$2:$L$299,ROW()-2),MATCH(E$1,SAISIE!$A$1:$H$1,0),4,1,"SAISIE"),1)) -> 0 | F10: =+F9+E10 -> 11000
A11: =IF(ROW()-2>COUNTIF(SAISIE!$L$2:$L$299,">"&2),"",INDIRECT(ADDRESS(SMALL(SAISIE!$L$2:$L$299,ROW()-2),MATCH(A$1,SAISIE!$A$1:$H$1,0),4,1,"SAISIE"),1)) | C11: =IF(ROW()-2>COUNTIF(SAISIE!$L$2:$L$299,">"&2),"",INDIRECT(ADDRESS(SMALL(SAISIE!$L$2:$L$299,ROW()-2),MATCH(C$1,SAISIE!$A$1:$H$1,0),4,1,"SAISIE"),1)) | D11: =IF(ROW()-2>COUNTIF(SAISIE!$L$2:$L$299,">"&2),"",INDIRECT(ADDRESS(SMALL(SAISIE!$L$2:$L$299,ROW()-2),MATCH(D$1,SAISIE!$A$1:$H$1,0),4,1,"SAISIE"),1)) | E11: =IF(ROW()-2>COUNTIF(SAISIE!$L$2:$L$299,">"&2),0,INDIRECT(ADDRESS(SMALL(SAISIE!$L$2:$L$299,ROW()-2),MATCH(E$1,SAISIE!$A$1:$H$1,0),4,1,"SAISIE"),1)) -> 0 | F11: =+F10+E11 -> 11000
A12: =IF(ROW()-2>COUNTIF(SAISIE!$L$2:$L$299,">"&2),"",INDIRECT(ADDRESS(SMALL(SAISIE!$L$2:$L$299,ROW()-2),MATCH(A$1,SAISIE!$A$1:$H$1,0),4,1,"SAISIE"),1)) | C12: =IF(ROW()-2>COUNTIF(SAISIE!$L$2:$L$299,">"&2),"",INDIRECT(ADDRESS(SMALL(SAISIE!$L$2:$L$299,ROW()-2),MATCH(C$1,SAISIE!$A$1:$H$1,0),4,1,"SAISIE"),1)) | D12: =IF(ROW()-2>COUNTIF(SAISIE!$L$2:$L$299,">"&2),"",INDIRECT(ADDRESS(SMALL(SAISIE!$L$2:$L$299,ROW()-2),MATCH(D$1,SAISIE!$A$1:$H$1,0),4,1,"SAISIE"),1)) | E12: =IF(ROW()-2>COUNTIF(SAISIE!$L$2:$L$299,">"&2),0,INDIRECT(ADDRESS(SMALL(SAISIE!$L$2:$L$299,ROW()-2),MATCH(E$1,SAISIE!$A$1:$H$1,0),4,1,"SAISIE"),1)) -> 0 | F12: =+F11+E12 -> 11000
A13: =IF(ROW()-2>COUNTIF(SAISIE!$L$2:$L$299,">"&2),"",INDIRECT(ADDRESS(SMALL(SAISIE!$L$2:$L$299,ROW()-2),MATCH(A$1,SAISIE!$A$1:$H$1,0),4,1,"SAISIE"),1)) | C13: =IF(ROW()-2>COUNTIF(SAISIE!$L$2:$L$299,">"&2),"",INDIRECT(ADDRESS(SMALL(SAISIE!$L$2:$L$299,ROW()-2),MATCH(C$1,SAISIE!$A$1:$H$1,0),4,1,"SAISIE"),1)) | D13: =IF(ROW()-2>COUNTIF(SAISIE!$L$2:$L$299,">"&2),"",INDIRECT(ADDRESS(SMALL(SAISIE!$L$2:$L$299,ROW()-2),MATCH(D$1,SAISIE!$A$1:$H$1,0),4,1,"SAISIE"),1)) | E13: =IF(ROW()-2>COUNTIF(SAISIE!$L$2:$L$299,">"&2),0,INDIRECT(ADDRESS(SMALL(SAISIE!$L$2:$L$299,ROW()-2),MATCH(E$1,SAISIE!$A$1:$H$1,0),4,1,"SAISIE"),1)) -> 0 | F13: =+F12+E13 -> 11000
A14: =IF(ROW()-2>COUNTIF(SAISIE!$L$2:$L$299,">"&2),"",INDIRECT(ADDRESS(SMALL(SAISIE!$L$2:$L$299,ROW()-2),MATCH(A$1,SAISIE!$A$1:$H$1,0),4,1,"SAISIE"),1)) | C14: =IF(ROW()-2>COUNTIF(SAISIE!$L$2:$L$299,">"&2),"",INDIRECT(ADDRESS(SMALL(SAISIE!$L$2:$L$299,ROW()-2),MATCH(C$1,SAISIE!$A$1:$H$1,0),4,1,"SAISIE"),1)) | D14: =IF(ROW()-2>COUNTIF(SAISIE!$L$2:$L$299,">"&2),"",INDIRECT(ADDRESS(SMALL(SAISIE!$L$2:$L$299,ROW()-2),MATCH(D$1,SAISIE!$A$1:$H$1,0),4,1,"SAISIE"),1)) | E14: =IF(ROW()-2>COUNTIF(SAISIE!$L$2:$L$299,">"&2),0,INDIRECT(ADDRESS(SMALL(SAISIE!$L$2:$L$299,ROW()-2),MATCH(E$1,SAISIE!$A$1:$H$1,0),4,1,"SAISIE"),1)) -> 0 | F14: =+F13+E14 -> 11000
... A96: =IF(ROW()-2>COUNTIF(SAISIE!$L$2:$L$299,">"&2),"",INDIRECT(ADDRESS(SMALL(SAISIE!$L$2:$L$299,ROW()-2),MATCH(A$1,SAISIE!$A$1:$H$1,0),4,1,"SAISIE"),1)) | C96: =IF(ROW()-2>COUNTIF(SAISIE!$L$2:$L$299,">"&2),"",INDIRECT(ADDRESS(SMALL(SAISIE!$L$2:$L$299,ROW()-2),MATCH(C$1,SAISIE!$A$1:$H$1,0),4,1,"SAISIE"),1)) | D96: =IF(ROW()-2>COUNTIF(SAISIE!$L$2:$L$299,">"&2),"",INDIRECT(ADDRESS(SMALL(SAISIE!$L$2:$L$299,ROW()-2),MATCH(D$1,SAISIE!$A$1:$H$1,0),4,1,"SAISIE"),1)) | E96: =IF(ROW()-2>COUNTIF(SAISIE!$L$2:$L$299,">"&2),0,INDIRECT(ADDRESS(SMALL(SAISIE!$L$2:$L$299,ROW()-2),MATCH(E$1,SAISIE!$A$1:$H$1,0),4,1,"SAISIE"),1)) -> 0 | F96: =+F95+E96 -> 11000
A97: =IF(ROW()-2>COUNTIF(SAISIE!$L$2:$L$299,">"&2),"",INDIRECT(ADDRESS(SMALL(SAISIE!$L$2:$L$299,ROW()-2),MATCH(A$1,SAISIE!$A$1:$H$1,0),4,1,"SAISIE"),1)) | C97: =IF(ROW()-2>COUNTIF(SAISIE!$L$2:$L$299,">"&2),"",INDIRECT(ADDRESS(SMALL(SAISIE!$L$2:$L$299,ROW()-2),MATCH(C$1,SAISIE!$A$1:$H$1,0),4,1,"SAISIE"),1)) | D97: =IF(ROW()-2>COUNTIF(SAISIE!$L$2:$L$299,">"&2),"",INDIRECT(ADDRESS(SMALL(SAISIE!$L$2:$L$299,ROW()-2),MATCH(D$1,SAISIE!$A$1:$H$1,0),4,1,"SAISIE"),1)) | E97: =IF(ROW()-2>COUNTIF(SAISIE!$L$2:$L$299,">"&2),0,INDIRECT(ADDRESS(SMALL(SAISIE!$L$2:$L$299,ROW()-2),MATCH(E$1,SAISIE!$A$1:$H$1,0),4,1,"SAISIE"),1)) -> 0
A98: =IF(ROW()-2>COUNTIF(SAISIE!$L$2:$L$299,">"&2),"",INDIRECT(ADDRESS(SMALL(SAISIE!$L$2:$L$299,ROW()-2),MATCH(A$1,SAISIE!$A$1:$H$1,0),4,1,"SAISIE"),1)) | C98: =IF(ROW()-2>COUNTIF(SAISIE!$L$2:$L$299,">"&2),"",INDIRECT(ADDRESS(SMALL(SAISIE!$L$2:$L$299,ROW()-2),MATCH(C$1,SAISIE!$A$1:$H$1,0),4,1,"SAISIE"),1)) | D98: =IF(ROW()-2>COUNTIF(SAISIE!$L$2:$L$299,">"&2),"",INDIRECT(ADDRESS(SMALL(SAISIE!$L$2:$L$299,ROW()-2),MATCH(D$1,SAISIE!$A$1:$H$1,0),4,1,"SAISIE"),1)) | E98: =IF(ROW()-2>COUNTIF(SAISIE!$L$2:$L$299,">"&2),0,INDIRECT(ADDRESS(SMALL(SAISIE!$L$2:$L$299,ROW()-2),MATCH(E$1,SAISIE!$A$1:$H$1,0),4,1,"SAISIE"),1)) -> 0
A99: =IF(ROW()-2>COUNTIF(SAISIE!$L$2:$L$299,">"&2),"",INDIRECT(ADDRESS(SMALL(SAISIE!$L$2:$L$299,ROW()-2),MATCH(A$1,SAISIE!$A$1:$H$1,0),4,1,"SAISIE"),1)) | C99: =IF(ROW()-2>COUNTIF(SAISIE!$L$2:$L$299,">"&2),"",INDIRECT(ADDRESS(SMALL(SAISIE!$L$2:$L$299,ROW()-2),MATCH(C$1,SAISIE!$A$1:$H$1,0),4,1,"SAISIE"),1)) | D99: =IF(ROW()-2>COUNTIF(SAISIE!$L$2:$L$299,">"&2),"",INDIRECT(ADDRESS(SMALL(SAISIE!$L$2:$L$299,ROW()-2),MATCH(D$1,SAISIE!$A$1:$H$1,0),4,1,"SAISIE"),1)) | E99: =IF(ROW()-2>COUNTIF(SAISIE!$L$2:$L$299,">"&2),0,INDIRECT(ADDRESS(SMALL(SAISIE!$L$2:$L$299,ROW()-2),MATCH(E$1,SAISIE!$A$1:$H$1,0),4,1,"SAISIE"),1)) -> 0
A100: =IF(ROW()-2>COUNTIF(SAISIE!$L$2:$L$299,">"&2),"",INDIRECT(ADDRESS(SMALL(SAISIE!$L$2:$L$299,ROW()-2),MATCH(A$1,SAISIE!$A$1:$H$1,0),4,1,"SAISIE"),1)) | C100: =IF(ROW()-2>COUNTIF(SAISIE!$L$2:$L$299,">"&2),"",INDIRECT(ADDRESS(SMALL(SAISIE!$L$2:$L$299,ROW()-2),MATCH(C$1,SAISIE!$A$1:$H$1,0),4,1,"SAISIE"),1)) | D100: =IF(ROW()-2>COUNTIF(SAISIE!$L$2:$L$299,">"&2),"",INDIRECT(ADDRESS(SMALL(SAISIE!$L$2:$L$299,ROW()-2),MATCH(D$1,SAISIE!$A$1:$H$1,0),4,1,"SAISIE"),1)) | E100: =IF(ROW()-2>COUNTIF(SAISIE!$L$2:$L$299,">"&2),0,INDIRECT(ADDRESS(SMALL(SAISIE!$L$2:$L$299,ROW()-2),MATCH(E$1,SAISIE!$A$1:$H$1,0),4,1,"SAISIE"),1)) -> 0
A101: =IF(ROW()-2>COUNTIF(SAISIE!$L$2:$L$299,">"&2),"",INDIRECT(ADDRESS(SMALL(SAISIE!$L$2:$L$299,ROW()-2),MATCH(A$1,SAISIE!$A$1:$H$1,0),4,1,"SAISIE"),1)) | C101: =IF(ROW()-2>COUNTIF(SAISIE!$L$2:$L$299,">"&2),"",INDIRECT(ADDRESS(SMALL(SAISIE!$L$2:$L$299,ROW()-2),MATCH(C$1,SAISIE!$A$1:$H$1,0),4,1,"SAISIE"),1)) | D101: =IF(ROW()-2>COUNTIF(SAISIE!$L$2:$L$299,">"&2),"",INDIRECT(ADDRESS(SMALL(SAISIE!$L$2:$L$299,ROW()-2),MATCH(D$1,SAISIE!$A$1:$H$1,0),4,1,"SAISIE"),1)) | E101: =IF(ROW()-2>COUNTIF(SAISIE!$L$2:$L$299,">"&2),0,INDIRECT(ADDRESS(SMALL(SAISIE!$L$2:$L$299,ROW()-2),MATCH(E$1,SAISIE!$A$1:$H$1,0),4,1,"SAISIE"),1)) -> 0
A102: =IF(ROW()-2>COUNTIF(SAISIE!$L$2:$L$299,">"&2),"",INDIRECT(ADDRESS(SMALL(SAISIE!$L$2:$L$299,ROW()-2),MATCH(A$1,SAISIE!$A$1:$H$1,0),4,1,"SAISIE"),1)) | C102: =IF(ROW()-2>COUNTIF(SAISIE!$L$2:$L$299,">"&2),"",INDIRECT(ADDRESS(SMALL(SAISIE!$L$2:$L$299,ROW()-2),MATCH(C$1,SAISIE!$A$1:$H$1,0),4,1,"SAISIE"),1)) | D102: =IF(ROW()-2>COUNTIF(SAISIE!$L$2:$L$299,">"&2),"",INDIRECT(ADDRESS(SMALL(SAISIE!$L$2:$L$299,ROW()-2),MATCH(D$1,SAISIE!$A$1:$H$1,0),4,1,"SAISIE"),1)) | E102: =IF(ROW()-2>COUNTIF(SAISIE!$L$2:$L$299,">"&2),0,INDIRECT(ADDRESS(SMALL(SAISIE!$L$2:$L$299,ROW()-2),MATCH(E$1,SAISIE!$A$1:$H$1,0),4,1,"SAISIE"),1)) -> 0
A103: =IF(ROW()-2>COUNTIF(SAISIE!$L$2:$L$299,">"&2),"",INDIRECT(ADDRESS(SMALL(SAISIE!$L$2:$L$299,ROW()-2),MATCH(A$1,SAISIE!$A$1:$H$1,0),4,1,"SAISIE"),1)) | C103: =IF(ROW()-2>COUNTIF(SAISIE!$L$2:$L$299,">"&2),"",INDIRECT(ADDRESS(SMALL(SAISIE!$L$2:$L$299,ROW()-2),MATCH(C$1,SAISIE!$A$1:$H$1,0),4,1,"SAISIE"),1)) | D103: =IF(ROW()-2>COUNTIF(SAISIE!$L$2:$L$299,">"&2),"",INDIRECT(ADDRESS(SMALL(SAISIE!$L$2:$L$299,ROW()-2),MATCH(D$1,SAISIE!$A$1:$H$1,0),4,1,"SAISIE"),1)) | E103: =IF(ROW()-2>COUNTIF(SAISIE!$L$2:$L$299,">"&2),0,INDIRECT(ADDRESS(SMALL(SAISIE!$L$2:$L$299,ROW()-2),MATCH(E$1,SAISIE!$A$1:$H$1,0),4,1,"SAISIE"),1)) -> 0
A104: =IF(ROW()-2>COUNTIF(SAISIE!$L$2:$L$299,">"&2),"",INDIRECT(ADDRESS(SMALL(SAISIE!$L$2:$L$299,ROW()-2),MATCH(A$1,SAISIE!$A$1:$H$1,0),4,1,"SAISIE"),1)) | C104: =IF(ROW()-2>COUNTIF(SAISIE!$L$2:$L$299,">"&2),"",INDIRECT(ADDRESS(SMALL(SAISIE!$L$2:$L$299,ROW()-2),MATCH(C$1,SAISIE!$A$1:$H$1,0),4,1,"SAISIE"),1)) | D104: =IF(ROW()-2>COUNTIF(SAISIE!$L$2:$L$299,">"&2),"",INDIRECT(ADDRESS(SMALL(SAISIE!$L$2:$L$299,ROW()-2),MATCH(D$1,SAISIE!$A$1:$H$1,0),4,1,"SAISIE"),1)) | E104: =IF(ROW()-2>COUNTIF(SAISIE!$L$2:$L$299,">"&2),0,INDIRECT(ADDRESS(SMALL(SAISIE!$L$2:$L$299,ROW()-2),MATCH(E$1,SAISIE!$A$1:$H$1,0),4,1,"SAISIE"),1)) -> 0
A105: =IF(ROW()-2>COUNTIF(SAISIE!$L$2:$L$299,">"&2),"",INDIRECT(ADDRESS(SMALL(SAISIE!$L$2:$L$299,ROW()-2),MATCH(A$1,SAISIE!$A$1:$H$1,0),4,1,"SAISIE"),1)) | C105: =IF(ROW()-2>COUNTIF(SAISIE!$L$2:$L$299,">"&2),"",INDIRECT(ADDRESS(SMALL(SAISIE!$L$2:$L$299,ROW()-2),MATCH(C$1,SAISIE!$A$1:$H$1,0),4,1,"SAISIE"),1)) | D105: =IF(ROW()-2>COUNTIF(SAISIE!$L$2:$L$299,">"&2),"",INDIRECT(ADDRESS(SMALL(SAISIE!$L$2:$L$299,ROW()-2),MATCH(D$1,SAISIE!$A$1:$H$1,0),4,1,"SAISIE"),1)) | E105: =IF(ROW()-2>COUNTIF(SAISIE!$L$2:$L$299,">"&2),0,INDIRECT(ADDRESS(SMALL(SAISIE!$L$2:$L$299,ROW()-2),MATCH(E$1,SAISIE!$A$1:$H$1,0),4,1,"SAISIE"),1)) -> 0
A106: =IF(ROW()-2>COUNTIF(SAISIE!$L$2:$L$299,">"&2),"",INDIRECT(ADDRESS(SMALL(SAISIE!$L$2:$L$299,ROW()-2),MATCH(A$1,SAISIE!$A$1:$H$1,0),4,1,"SAISIE"),1)) | C106: =IF(ROW()-2>COUNTIF(SAISIE!$L$2:$L$299,">"&2),"",INDIRECT(ADDRESS(SMALL(SAISIE!$L$2:$L$299,ROW()-2),MATCH(C$1,SAISIE!$A$1:$H$1,0),4,1,"SAISIE"),1)) | D106: =IF(ROW()-2>COUNTIF(SAISIE!$L$2:$L$299,">"&2),"",INDIRECT(ADDRESS(SMALL(SAISIE!$L$2:$L$299,ROW()-2),MATCH(D$1,SAISIE!$A$1:$H$1,0),4,1,"SAISIE"),1)) | E106: =IF(ROW()-2>COUNTIF(SAISIE!$L$2:$L$299,">"&2),0,INDIRECT(ADDRESS(SMALL(SAISIE!$L$2:$L$299,ROW()-2),MATCH(E$1,SAISIE!$A$1:$H$1,0),4,1,"SAISIE"),1)) -> 0
A107: =IF(ROW()-2>COUNTIF(SAISIE!$L$2:$L$299,">"&2),"",INDIRECT(ADDRESS(SMALL(SAISIE!$L$2:$L$299,ROW()-2),MATCH(A$1,SAISIE!$A$1:$H$1,0),4,1,"SAISIE"),1)) | C107: =IF(ROW()-2>COUNTIF(SAISIE!$L$2:$L$299,">"&2),"",INDIRECT(ADDRESS(SMALL(SAISIE!$L$2:$L$299,ROW()-2),MATCH(C$1,SAISIE!$A$1:$H$1,0),4,1,"SAISIE"),1)) | D107: =IF(ROW()-2>COUNTIF(SAISIE!$L$2:$L$299,">"&2),"",INDIRECT(ADDRESS(SMALL(SAISIE!$L$2:$L$299,ROW()-2),MATCH(D$1,SAISIE!$A$1:$H$1,0),4,1,"SAISIE"),1)) | E107: =IF(ROW()-2>COUNTIF(SAISIE!$L$2:$L$299,">"&2),0,INDIRECT(ADDRESS(SMALL(SAISIE!$L$2:$L$299,ROW()-2),MATCH(E$1,SAISIE!$A$1:$H$1,0),4,1,"SAISIE"),1)) -> 0
A108: =IF(ROW()-2>COUNTIF(SAISIE!$L$2:$L$299,">"&2),"",INDIRECT(ADDRESS(SMALL(SAISIE!$L$2:$L$299,ROW()-2),MATCH(A$1,SAISIE!$A$1:$H$1,0),4,1,"SAISIE"),1)) | C108: =IF(ROW()-2>COUNTIF(SAISIE!$L$2:$L$299,">"&2),"",INDIRECT(ADDRESS(SMALL(SAISIE!$L$2:$L$299,ROW()-2),MATCH(C$1,SAISIE!$A$1:$H$1,0),4,1,"SAISIE"),1)) | D108: =IF(ROW()-2>COUNTIF(SAISIE!$L$2:$L$299,">"&2),"",INDIRECT(ADDRESS(SMALL(SAISIE!$L$2:$L$299,ROW()-2),MATCH(D$1,SAISIE!$A$1:$H$1,0),4,1,"SAISIE"),1)) | E108: =IF(ROW()-2>COUNTIF(SAISIE!$L$2:$L$299,">"&2),0,INDIRECT(ADDRESS(SMALL(SAISIE!$L$2:$L$299,ROW()-2),MATCH(E$1,SAISIE!$A$1:$H$1,0),4,1,"SAISIE"),1)) -> 0
... A300: =IF(ROW()-2>COUNTIF(SAISIE!$L$2:$L$299,">"&2),"",INDIRECT(ADDRESS(SMALL(SAISIE!$L$2:$L$299,ROW()-2),MATCH(A$1,SAISIE!$A$1:$H$1,0),4,1,"SAISIE"),1)) | C300: =IF(ROW()-2>COUNTIF(SAISIE!$L$2:$L$299,">"&2),"",INDIRECT(ADDRESS(SMALL(SAISIE!$L$2:$L$299,ROW()-2),MATCH(C$1,SAISIE!$A$1:$H$1,0),4,1,"SAISIE"),1)) | D300: =IF(ROW()-2>COUNTIF(SAISIE!$L$2:$L$299,">"&2),"",INDIRECT(ADDRESS(SMALL(SAISIE!$L$2:$L$299,ROW()-2),MATCH(D$1,SAISIE!$A$1:$H$1,0),4,1,"SAISIE"),1)) | E300: =IF(ROW()-2>COUNTIF(SAISIE!$L$2:$L$299,">"&2),0,INDIRECT(ADDRESS(SMALL(SAISIE!$L$2:$L$299,ROW()-2),MATCH(E$1,SAISIE!$A$1:$H$1,0),4,1,"SAISIE"),1)) -> 0

Sheet Ventilation par compte
A1: 580000
A2: Date | B2: Section | C2: Désignation de l'opération | D2: Montant
A3: =IF(COUNTIF(SAISIE!$I$2:$I$1999,"*"&$A$1&"*")<ROW()-2,"",INDEX(SAISIE!$A$2:$A$1999,MATCH($A$1&"_"&ROW()-2,SAISIE!$I$2:$I$1999,0))) -> 43710 | B3: =IF(COUNTIF(SAISIE!$I$2:$I$1999,"*"&$A$1&"*")<ROW()-2,"",INDEX(SAISIE!$B$2:$B$1999,MATCH($A$1&"_"&ROW()-2,SAISIE!$I$2:$I$1999,0))) -> Comité directeur | C3: =IF(COUNTIF(SAISIE!$I$2:$I$1999,"*"&$A$1&"*")<ROW()-2,"",INDEX(SAISIE!$C$2:$C$1999,MATCH($A$1&"_"&ROW()-2,SAISIE!$I$2:$I$1999,0))) -> Virt du Cpte Livret | D3: =IF(COUNTIF(SAISIE!$I$2:$I$1999,"*"&$A$1&"*")<ROW()-2,"",INDEX(SAISIE!$H$2:$H$1999,MATCH($A$1&"_"&ROW()-2,SAISIE!$I$2:$I$1999,0))) -> 10000
A4: =IF(COUNTIF(SAISIE!$I$2:$I$1999,"*"&$A$1&"*")<ROW()-2,"",INDEX(SAISIE!$A$2:$A$1999,MATCH($A$1&"_"&ROW()-2,SAISIE!$I$2:$I$1999,0))) -> 43710 | B4: =IF(COUNTIF(SAISIE!$I$2:$I$1999,"*"&$A$1&"*")<ROW()-2,"",INDEX(SAISIE!$B$2:$B$1999,MATCH($A$1&"_"&ROW()-2,SAISIE!$I$2:$I$1999,0))) -> Comité directeur | C4: =IF(COUNTIF(SAISIE!$I$2:$I$1999,"*"&$A$1&"*")<ROW()-2,"",INDEX(SAISIE!$C$2:$C$1999,MATCH($A$1&"_"&ROW()-2,SAISIE!$I$2:$I$1999,0))) -> Virt au Cpte Courant | D4: =IF(COUNTIF(SAISIE!$I$2:$I$1999,"*"&$A$1&"*")<ROW()-2,"",INDEX(SAISIE!$H$2:$H$1999,MATCH($A$1&"_"&ROW()-2,SAISIE!$I$2:$I$1999,0))) -> 10000
A5: =IF(COUNTIF(SAISIE!$I$2:$I$1999,"*"&$A$1&"*")<ROW()-2,"",INDEX(SAISIE!$A$2:$A$1999,MATCH($A$1&"_"&ROW()-2,SAISIE!$I$2:$I$1999,0))) -> 43720 | B5: =IF(COUNTIF(SAISIE!$I$2:$I$1999,"*"&$A$1&"*")<ROW()-2,"",INDEX(SAISIE!$B$2:$B$1999,MATCH($A$1&"_"&ROW()-2,SAISIE!$I$2:$I$1999,0))) -> Comité directeur | C5: =IF(COUNTIF(SAISIE!$I$2:$I$1999,"*"&$A$1&"*")<ROW()-2,"",INDEX(SAISIE!$C$2:$C$1999,MATCH($A$1&"_"&ROW()-2,SAISIE!$I$2:$I$1999,0))) -> Virt du Cpte Livret | D5: =IF(COUNTIF(SAISIE!$I$2:$I$1999,"*"&$A$1&"*")<ROW()-2,"",INDEX(SAISIE!$H$2:$H$1999,MATCH($A$1&"_"&ROW()-2,SAISIE!$I$2:$I$1999,0))) -> 0
A6: =IF(COUNTIF(SAISIE!$I$2:$I$1999,"*"&$A$1&"*")<ROW()-2,"",INDEX(SAISIE!$A$2:$A$1999,MATCH($A$1&"_"&ROW()-2,SAISIE!$I$2:$I$1999,0))) -> 43720 | B6: =IF(COUNTIF(SAISIE!$I$2:$I$1999,"*"&$A$1&"*")<ROW()-2,"",INDEX(SAISIE!$B$2:$B$1999,MATCH($A$1&"_"&ROW()-2,SAISIE!$I$2:$I$1999,0))) -> Comité directeur | C6: =IF(COUNTIF(SAISIE!$I$2:$I$1999,"*"&$A$1&"*")<ROW()-2,"",INDEX(SAISIE!$C$2:$C$1999,MATCH($A$1&"_"&ROW()-2,SAISIE!$I$2:$I$1999,0))) -> Virt au Cpte Courant | D6: =IF(COUNTIF(SAISIE!$I$2:$I$1999,"*"&$A$1&"*")<ROW()-2,"",INDEX(SAISIE!$H$2:$H$1999,MATCH($A$1&"_"&ROW()-2,SAISIE!$I$2:$I$1999,0))) -> 0
A7: =IF(COUNTIF(SAISIE!$I$2:$I$1999,"*"&$A$1&"*")<ROW()-2,"",INDEX(SAISIE!$A$2:$A$1999,MATCH($A$1&"_"&ROW()-2,SAISIE!$I$2:$I$1999,0))) -> 43725 | B7: =IF(COUNTIF(SAISIE!$I$2:$I$1999,"*"&$A$1&"*")<ROW()-2,"",INDEX(SAISIE!$B$2:$B$1999,MATCH($A$1&"_"&ROW()-2,SAISIE!$I$2:$I$1999,0))) -> Comité directeur | C7: =IF(COUNTIF(SAISIE!$I$2:$I$1999,"*"&$A$1&"*")<ROW()-2,"",INDEX(SAISIE!$C$2:$C$1999,MATCH($A$1&"_"&ROW()-2,SAISIE!$I$2:$I$1999,0))) -> Virt du Cpte Livret | D7: =IF(COUNTIF(SAISIE!$I$2:$I$1999,"*"&$A$1&"*")<ROW()-2,"",INDEX(SAISIE!$H$2:$H$1999,MATCH($A$1&"_"&ROW()-2,SAISIE!$I$2:$I$1999,0))) -> 0
A8: =IF(COUNTIF(SAISIE!$I$2:$I$1999,"*"&$A$1&"*")<ROW()-2,"",INDEX(SAISIE!$A$2:$A$1999,MATCH($A$1&"_"&ROW()-2,SAISIE!$I$2:$I$1999,0))) -> 43725 | B8: =IF(COUNTIF(SAISIE!$I$2:$I$1999,"*"&$A$1&"*")<ROW()-2,"",INDEX(SAISIE!$B$2:$B$1999,MATCH($A$1&"_"&ROW()-2,SAISIE!$I$2:$I$1999,0))) -> Comité directeur | C8: =IF(COUNTIF(SAISIE!$I$2:$I$1999,"*"&$A$1&"*")<ROW()-2,"",INDEX(SAISIE!$C$2:$C$1999,MATCH($A$1&"_"&ROW()-2,SAISIE!$I$2:$I$1999,0))) -> Virt au Cpte Courant | D8: =IF(COUNTIF(SAISIE!$I$2:$I$1999,"*"&$A$1&"*")<ROW()-2,"",INDEX(SAISIE!$H$2:$H$1999,MATCH($A$1&"_"&ROW()-2,SAISIE!$I$2:$I$1999,0))) -> 0
A9: =IF(COUNTIF(SAISIE!$I$2:$I$1999,"*"&$A$1&"*")<ROW()-2,"",INDEX(SAISIE!$A$2:$A$1999,MATCH($A$1&"_"&ROW()-2,SAISIE!$I$2:$I$1999,0))) | B9: =IF(COUNTIF(SAISIE!$I$2:$I$1999,"*"&$A$1&"*")<ROW()-2,"",INDEX(SAISIE!$B$2:$B$1999,MATCH($A$1&"_"&ROW()-2,SAISIE!$I$2:$I$1999,0))) | C9: =IF(COUNTIF(SAISIE!$I$2:$I$1999,"*"&$A$1&"*")<ROW()-2,"",INDEX(SAISIE!$C$2:$C$1999,MATCH($A$1&"_"&ROW()-2,SAISIE!$I$2:$I$1999,0))) | D9: =IF(COUNTIF(SAISIE!$I$2:$I$1999,"*"&$A$1&"*")<ROW()-2,"",INDEX(SAISIE!$H$2:$H$1999,MATCH($A$1&"_"&ROW()-2,SAISIE!$I$2:$I$1999,0)))
A10: =IF(COUNTIF(SAISIE!$I$2:$I$1999,"*"&$A$1&"*")<ROW()-2,"",INDEX(SAISIE!$A$2:$A$1999,MATCH($A$1&"_"&ROW()-2,SAISIE!$I$2:$I$1999,0))) | B10: =IF(COUNTIF(SAISIE!$I$2:$I$1999,"*"&$A$1&"*")<ROW()-2,"",INDEX(SAISIE!$B$2:$B$1999,MATCH($A$1&"_"&ROW()-2,SAISIE!$I$2:$I$1999,0))) | C10: =IF(COUNTIF(SAISIE!$I$2:$I$1999,"*"&$A$1&"*")<ROW()-2,"",INDEX(SAISIE!$C$2:$C$1999,MATCH($A$1&"_"&ROW()-2,SAISIE!$I$2:$I$1999,0))) | D10: =IF(COUNTIF(SAISIE!$I$2:$I$1999,"*"&$A$1&"*")<ROW()-2,"",INDEX(SAISIE!$H$2:$H$1999,MATCH($A$1&"_"&ROW()-2,SAISIE!$I$2:$I$1999,0)))
A11: =IF(COUNTIF(SAISIE!$I$2:$I$1999,"*"&$A$1&"*")<ROW()-2,"",INDEX(SAISIE!$A$2:$A$1999,MATCH($A$1&"_"&ROW()-2,SAISIE!$I$2:$I$1999,0))) | B11: =IF(COUNTIF(SAISIE!$I$2:$I$1999,"*"&$A$1&"*")<ROW()-2,"",INDEX(SAISIE!$B$2:$B$1999,MATCH($A$1&"_"&ROW()-2,SAISIE!$I$2:$I$1999,0))) | C11: =IF(COUNTIF(SAISIE!$I$2:$I$1999,"*"&$A$1&"*")<ROW()-2,"",INDEX(SAISIE!$C$2:$C$1999,MATCH($A$1&"_"&ROW()-2,SAISIE!$I$2:$I$1999,0))) | D11: =IF(COUNTIF(SAISIE!$I$2:$I$1999,"*"&$A$1&"*")<ROW()-2,"",INDEX(SAISIE!$H$2:$H$1999,MATCH($A$1&"_"&ROW()-2,SAISIE!$I$2:$I$1999,0)))
A12: =IF(COUNTIF(SAISIE!$I$2:$I$1999,"*"&$A$1&"*")<ROW()-2,"",INDEX(SAISIE!$A$2:$A$1999,MATCH($A$1&"_"&ROW()-2,SAISIE!$I$2:$I$1999,0))) | B12: =IF(COUNTIF(SAISIE!$I$2:$I$1999,"*"&$A$1&"*")<ROW()-2,"",INDEX(SAISIE!$B$2:$B$1999,MATCH($A$1&"_"&ROW()-2,SAISIE!$I$2:$I$1999,0))) | C12: =IF(COUNTIF(SAISIE!$I$2:$I$1999,"*"&$A$1&"*")<ROW()-2,"",INDEX(SAISIE!$C$2:$C$1999,MATCH($A$1&"_"&ROW()-2,SAISIE!$I$2:$I$1999,0))) | D12: =IF(COUNTIF(SAISIE!$I$2:$I$1999,"*"&$A$1&"*")<ROW()-2,"",INDEX(SAISIE!$H$2:$H$1999,MATCH($A$1&"_"&ROW()-2,SAISIE!$I$2:$I$1999,0)))
A13: =IF(COUNTIF(SAISIE!$I$2:$I$1999,"*"&$A$1&"*")<ROW()-2,"",INDEX(SAISIE!$A$2:$A$1999,MATCH($A$1&"_"&ROW()-2,SAISIE!$I$2:$I$1999,0))) | B13: =IF(COUNTIF(SAISIE!$I$2:$I$1999,"*"&$A$1&"*")<ROW()-2,"",INDEX(SAISIE!$B$2:$B$1999,MATCH($A$1&"_"&ROW()-2,SAISIE!$I$2:$I$1999,0))) | C13: =IF(COUNTIF(SAISIE!$I$2:$I$1999,"*"&$A$1&"*")<ROW()-2,"",INDEX(SAISIE!$C$2:$C$1999,MATCH($A$1&"_"&ROW()-2,SAISIE!$I$2:$I$1999,0))) | D13: =IF(COUNTIF(SAISIE!$I$2:$I$1999,"*"&$A$1&"*")<ROW()-2,"",INDEX(SAISIE!$H$2:$H$1999,MATCH($A$1&"_"&ROW()-2,SAISIE!$I$2:$I$1999,0)))
A14: =IF(COUNTIF(SAISIE!$I$2:$I$1999,"*"&$A$1&"*")<ROW()-2,"",INDEX(SAISIE!$A$2:$A$1999,MATCH($A$1&"_"&ROW()-2,SAISIE!$I$2:$I$1999,0))) | B14: =IF(COUNTIF(SAISIE!$I$2:$I$1999,"*"&$A$1&"*")<ROW()-2,"",INDEX(SAISIE!$B$2:$B$1999,MATCH($A$1&"_"&ROW()-2,SAISIE!$I$2:$I$1999,0))) | C14: =IF(COUNTIF(SAISIE!$I$2:$I$1999,"*"&$A$1&"*")<ROW()-2,"",INDEX(SAISIE!$C$2:$C$1999,MATCH($A$1&"_"&ROW()-2,SAISIE!$I$2:$I$1999,0))) | D14: =IF(COUNTIF(SAISIE!$I$2:$I$1999,"*"&$A$1&"*")<ROW()-2,"",INDEX(SAISIE!$H$2:$H$1999,MATCH($A$1&"_"&ROW()-2,SAISIE!$I$2:$I$1999,0)))
... A30: =IF(COUNTIF(SAISIE!$I$2:$I$1999,"*"&$A$1&"*")<ROW()-2,"",INDEX(SAISIE!$A$2:$A$1999,MATCH($A$1&"_"&ROW()-2,SAISIE!$I$2:$I$1999,0))) | B30: =IF(COUNTIF(SAISIE!$I$2:$I$1999,"*"&$A$1&"*")<ROW()-2,"",INDEX(SAISIE!$B$2:$B$1999,MATCH($A$1&"_"&ROW()-2,SAISIE!$I$2:$I$1999,0))) | C30: =IF(COUNTIF(SAISIE!$I$2:$I$1999,"*"&$A$1&"*")<ROW()-2,"",INDEX(SAISIE!$C$2:$C$1999,MATCH($A$1&"_"&ROW()-2,SAISIE!$I$2:$I$1999,0))) | D30: =IF(COUNTIF(SAISIE!$I$2:$I$1999,"*"&$A$1&"*")<ROW()-2,"",INDEX(SAISIE!$H$2:$H$1999,MATCH($A$1&"_"&ROW()-2,SAISIE!$I$2:$I$1999,0)))
A31: =IF(COUNTIF(SAISIE!$I$2:$I$1955,"*"&#REF!&"*")<ROW()-1,"",INDEX(SAISIE!$A$2:$A$1955,MATCH(#REF!&"_"&ROW()-1,SAISIE!$I$2:$I$1955,0))) | B31: =IF(COUNTIF(SAISIE!$I$2:$I$1955,"*"&#REF!&"*")<ROW()-1,"",INDEX(SAISIE!$B$2:$B$1955,MATCH(#REF!&"_"&ROW()-1,SAISIE!$I$2:$I$1955,0))) | C31: =IF(COUNTIF(SAISIE!$I$2:$I$1955,"*"&#REF!&"*")<ROW()-1,"",INDEX(SAISIE!$C$2:$C$1955,MATCH(#REF!&"_"&ROW()-1,SAISIE!$I$2:$I$1955,0))) | D31: =IF(COUNTIF(SAISIE!$I$2:$I$1999,"*"&$A$1&"*")<ROW()-1,"",INDEX(SAISIE!$H$2:$H$1999,MATCH($A$1&"_"&ROW()-1,SAISIE!$I$2:$I$1999,0)))
A32: =IF(COUNTIF(SAISIE!$I$2:$I$1955,"*"&#REF!&"*")<ROW()-1,"",INDEX(SAISIE!$A$2:$A$1955,MATCH(#REF!&"_"&ROW()-1,SAISIE!$I$2:$I$1955,0))) | B32: =IF(COUNTIF(SAISIE!$I$2:$I$1955,"*"&#REF!&"*")<ROW()-1,"",INDEX(SAISIE!$B$2:$B$1955,MATCH(#REF!&"_"&ROW()-1,SAISIE!$I$2:$I$1955,0))) | C32: =IF(COUNTIF(SAISIE!$I$2:$I$1955,"*"&#REF!&"*")<ROW()-1,"",INDEX(SAISIE!$C$2:$C$1955,MATCH(#REF!&"_"&ROW()-1,SAISIE!$I$2:$I$1955,0))) | D32: =IF(COUNTIF(SAISIE!$I$2:$I$1999,"*"&$A$1&"*")<ROW()-1,"",INDEX(SAISIE!$H$2:$H$1999,MATCH($A$1&"_"&ROW()-1,SAISIE!$I$2:$I$1999,0)))
A33: =IF(COUNTIF(SAISIE!$I$2:$I$1955,"*"&#REF!&"*")<ROW()-1,"",INDEX(SAISIE!$A$2:$A$1955,MATCH(#REF!&"_"&ROW()-1,SAISIE!$I$2:$I$1955,0))) | B33: =IF(COUNTIF(SAISIE!$I$2:$I$1955,"*"&#REF!&"*")<ROW()-1,"",INDEX(SAISIE!$B$2:$B$1955,MATCH(#REF!&"_"&ROW()-1,SAISIE!$I$2:$I$1955,0))) | C33: =IF(COUNTIF(SAISIE!$I$2:$I$1955,"*"&#REF!&"*")<ROW()-1,"",INDEX(SAISIE!$C$2:$C$1955,MATCH(#REF!&"_"&ROW()-1,SAISIE!$I$2:$I$1955,0))) | D33: =IF(COUNTIF(SAISIE!$I$2:$I$1999,"*"&$A$1&"*")<ROW()-1,"",INDEX(SAISIE!$H$2:$H$1999,MATCH($A$1&"_"&ROW()-1,SAISIE!$I$2:$I$1999,0)))
A34: =IF(COUNTIF(SAISIE!$I$2:$I$1955,"*"&#REF!&"*")<ROW()-1,"",INDEX(SAISIE!$A$2:$A$1955,MATCH(#REF!&"_"&ROW()-1,SAISIE!$I$2:$I$1955,0))) | B34: =IF(COUNTIF(SAISIE!$I$2:$I$1955,"*"&#REF!&"*")<ROW()-1,"",INDEX(SAISIE!$B$2:$B$1955,MATCH(#REF!&"_"&ROW()-1,SAISIE!$I$2:$I$1955,0))) | C34: =IF(COUNTIF(SAISIE!$I$2:$I$1955,"*"&#REF!&"*")<ROW()-1,"",INDEX(SAISIE!$C$2:$C$1955,MATCH(#REF!&"_"&ROW()-1,SAISIE!$I$2:$I$1955,0))) | D34: =IF(COUNTIF(SAISIE!$I$2:$I$1999,"*"&$A$1&"*")<ROW()-1,"",INDEX(SAISIE!$H$2:$H$1999,MATCH($A$1&"_"&ROW()-1,SAISIE!$I$2:$I$1999,0)))
A35: =IF(COUNTIF(SAISIE!$I$2:$I$1955,"*"&#REF!&"*")<ROW()-1,"",INDEX(SAISIE!$A$2:$A$1955,MATCH(#REF!&"_"&ROW()-1,SAISIE!$I$2:$I$1955,0))) | B35: =IF(COUNTIF(SAISIE!$I$2:$I$1955,"*"&#REF!&"*")<ROW()-1,"",INDEX(SAISIE!$B$2:$B$1955,MATCH(#REF!&"_"&ROW()-1,SAISIE!$I$2:$I$1955,0))) | C35: =IF(COUNTIF(SAISIE!$I$2:$I$1955,"*"&#REF!&"*")<ROW()-1,"",INDEX(SAISIE!$C$2:$C$1955,MATCH(#REF!&"_"&ROW()-1,SAISIE!$I$2:$I$1955,0))) | D35: =IF(COUNTIF(SAISIE!$I$2:$I$1999,"*"&$A$1&"*")<ROW()-1,"",INDEX(SAISIE!$H$2:$H$1999,MATCH($A$1&"_"&ROW()-1,SAISIE!$I$2:$I$1999,0)))
A36: =IF(COUNTIF(SAISIE!$I$2:$I$1955,"*"&#REF!&"*")<ROW()-1,"",INDEX(SAISIE!$A$2:$A$1955,MATCH(#REF!&"_"&ROW()-1,SAISIE!$I$2:$I$1955,0))) | B36: =IF(COUNTIF(SAISIE!$I$2:$I$1955,"*"&#REF!&"*")<ROW()-1,"",INDEX(SAISIE!$B$2:$B$1955,MATCH(#REF!&"_"&ROW()-1,SAISIE!$I$2:$I$1955,0))) | C36: =IF(COUNTIF(SAISIE!$I$2:$I$1955,"*"&#REF!&"*")<ROW()-1,"",INDEX(SAISIE!$C$2:$C$1955,MATCH(#REF!&"_"&ROW()-1,SAISIE!$I$2:$I$1955,0))) | D36: =IF(COUNTIF(SAISIE!$I$2:$I$1999,"*"&$A$1&"*")<ROW()-1,"",INDEX(SAISIE!$H$2:$H$1999,MATCH($A$1&"_"&ROW()-1,SAISIE!$I$2:$I$1999,0)))
A37: =IF(COUNTIF(SAISIE!$I$2:$I$1955,"*"&#REF!&"*")<ROW()-1,"",INDEX(SAISIE!$A$2:$A$1955,MATCH(#REF!&"_"&ROW()-1,SAISIE!$I$2:$I$1955,0))) | B37: =IF(COUNTIF(SAISIE!$I$2:$I$1955,"*"&#REF!&"*")<ROW()-1,"",INDEX(SAISIE!$B$2:$B$1955,MATCH(#REF!&"_"&ROW()-1,SAISIE!$I$2:$I$1955,0))) | C37: =IF(COUNTIF(SAISIE!$I$2:$I$1955,"*"&#REF!&"*")<ROW()-1,"",INDEX(SAISIE!$C$2:$C$1955,MATCH(#REF!&"_"&ROW()-1,SAISIE!$I$2:$I$1955,0))) | D37: =IF(COUNTIF(SAISIE!$I$2:$I$1999,"*"&$A$1&"*")<ROW()-1,"",INDEX(SAISIE!$H$2:$H$1999,MATCH($A$1&"_"&ROW()-1,SAISIE!$I$2:$I$1999,0)))
A38: =IF(COUNTIF(SAISIE!$I$2:$I$1955,"*"&#REF!&"*")<ROW()-1,"",INDEX(SAISIE!$A$2:$A$1955,MATCH(#REF!&"_"&ROW()-1,SAISIE!$I$2:$I$1955,0))) | B38: =IF(COUNTIF(SAISIE!$I$2:$I$1955,"*"&#REF!&"*")<ROW()-1,"",INDEX(SAISIE!$B$2:$B$1955,MATCH(#REF!&"_"&ROW()-1,SAISIE!$I$2:$I$1955,0))) | C38: =IF(COUNTIF(SAISIE!$I$2:$I$1955,"*"&#REF!&"*")<ROW()-1,"",INDEX(SAISIE!$C$2:$C$1955,MATCH(#REF!&"_"&ROW()-1,SAISIE!$I$2:$I$1955,0))) | D38: =IF(COUNTIF(SAISIE!$I$2:$I$1999,"*"&$A$1&"*")<ROW()-1,"",INDEX(SAISIE!$H$2:$H$1999,MATCH($A$1&"_"&ROW()-1,SAISIE!$I$2:$I$1999,0)))
A39: =IF(COUNTIF(SAISIE!$I$2:$I$1955,"*"&#REF!&"*")<ROW()-1,"",INDEX(SAISIE!$A$2:$A$1955,MATCH(#REF!&"_"&ROW()-1,SAISIE!$I$2:$I$1955,0))) | B39: =IF(COUNTIF(SAISIE!$I$2:$I$1955,"*"&#REF!&"*")<ROW()-1,"",INDEX(SAISIE!$B$2:$B$1955,MATCH(#REF!&"_"&ROW()-1,SAISIE!$I$2:$I$1955,0))) | C39: =IF(COUNTIF(SAISIE!$I$2:$I$1955,"*"&#REF!&"*")<ROW()-1,"",INDEX(SAISIE!$C$2:$C$1955,MATCH(#REF!&"_"&ROW()-1,SAISIE!$I$2:$I$1955,0))) | D39: =IF(COUNTIF(SAISIE!$I$2:$I$1999,"*"&$A$1&"*")<ROW()-1,"",INDEX(SAISIE!$H$2:$H$1999,MATCH($A$1&"_"&ROW()-1,SAISIE!$I$2:$I$1999,0)))
A40: =IF(COUNTIF(SAISIE!$I$2:$I$1955,"*"&#REF!&"*")<ROW()-1,"",INDEX(SAISIE!$A$2:$A$1955,MATCH(#REF!&"_"&ROW()-1,SAISIE!$I$2:$I$1955,0))) | B40: =IF(COUNTIF(SAISIE!$I$2:$I$1955,"*"&#REF!&"*")<ROW()-1,"",INDEX(SAISIE!$B$2:$B$1955,MATCH(#REF!&"_"&ROW()-1,SAISIE!$I$2:$I$1955,0))) | C40: =IF(COUNTIF(SAISIE!$I$2:$I$1955,"*"&#REF!&"*")<ROW()-1,"",INDEX(SAISIE!$C$2:$C$1955,MATCH(#REF!&"_"&ROW()-1,SAISIE!$I$2:$I$1955,0))) | D40: =IF(COUNTIF(SAISIE!$I$2:$I$1999,"*"&$A$1&"*")<ROW()-1,"",INDEX(SAISIE!$H$2:$H$1999,MATCH($A$1&"_"&ROW()-1,SAISIE!$I$2:$I$1999,0)))
A41: =IF(COUNTIF(SAISIE!$I$2:$I$1955,"*"&#REF!&"*")<ROW()-1,"",INDEX(SAISIE!$A$2:$A$1955,MATCH(#REF!&"_"&ROW()-1,SAISIE!$I$2:$I$1955,0))) | B41: =IF(COUNTIF(SAISIE!$I$2:$I$1955,"*"&#REF!&"*")<ROW()-1,"",INDEX(SAISIE!$B$2:$B$1955,MATCH(#REF!&"_"&ROW()-1,SAISIE!$I$2:$I$1955,0))) | C41: =IF(COUNTIF(SAISIE!$I$2:$I$1955,"*"&#REF!&"*")<ROW()-1,"",INDEX(SAISIE!$C$2:$C$1955,MATCH(#REF!&"_"&ROW()-1,SAISIE!$I$2:$I$1955,0))) | D41: =IF(COUNTIF(SAISIE!$I$2:$I$1999,"*"&$A$1&"*")<ROW()-1,"",INDEX(SAISIE!$H$2:$H$1999,MATCH($A$1&"_"&ROW()-1,SAISIE!$I$2:$I$1999,0)))
A42: =IF(COUNTIF(SAISIE!$I$2:$I$1955,"*"&#REF!&"*")<ROW()-1,"",INDEX(SAISIE!$A$2:$A$1955,MATCH(#REF!&"_"&ROW()-1,SAISIE!$I$2:$I$1955,0))) | B42: =IF(COUNTIF(SAISIE!$I$2:$I$1955,"*"&#REF!&"*")<ROW()-1,"",INDEX(SAISIE!$B$2:$B$1955,MATCH(#REF!&"_"&ROW()-1,SAISIE!$I$2:$I$1955,0))) | C42: =IF(COUNTIF(SAISIE!$I$2:$I$1955,"*"&#REF!&"*")<ROW()-1,"",INDEX(SAISIE!$C$2:$C$1955,MATCH(#REF!&"_"&ROW()-1,SAISIE!$I$2:$I$1955,0))) | D42: =IF(COUNTIF(SAISIE!$I$2:$I$1999,"*"&$A$1&"*")<ROW()-1,"",INDEX(SAISIE!$H$2:$H$1999,MATCH($A$1&"_"&ROW()-1,SAISIE!$I$2:$I$1999,0)))
... A46: =IF(COUNTIF(SAISIE!$I$2:$I$1955,"*"&#REF!&"*")<ROW()-1,"",INDEX(SAISIE!$A$2:$A$1955,MATCH(#REF!&"_"&ROW()-1,SAISIE!$I$2:$I$1955,0))) | B46: =IF(COUNTIF(SAISIE!$I$2:$I$1955,"*"&#REF!&"*")<ROW()-1,"",INDEX(SAISIE!$B$2:$B$1955,MATCH(#REF!&"_"&ROW()-1,SAISIE!$I$2:$I$1955,0))) | C46: =IF(COUNTIF(SAISIE!$I$2:$I$1955,"*"&#REF!&"*")<ROW()-1,"",INDEX(SAISIE!$C$2:$C$1955,MATCH(#REF!&"_"&ROW()-1,SAISIE!$I$2:$I$1955,0))) | D46: =IF(COUNTIF(SAISIE!$I$2:$I$1999,"*"&$A$1&"*")<ROW()-1,"",INDEX(SAISIE!$H$2:$H$1999,MATCH($A$1&"_"&ROW()-1,SAISIE!$I$2:$I$1999,0)))
A47: =IF(COUNTIF(SAISIE!$I$2:$I$1955,"*"&#REF!&"*")<ROW()-1,"",INDEX(SAISIE!$A$2:$A$1955,MATCH(#REF!&"_"&ROW()-1,SAISIE!$I$2:$I$1955,0))) | B47: =IF(COUNTIF(SAISIE!$I$2:$I$1955,"*"&#REF!&"*")<ROW()-1,"",INDEX(SAISIE!$B$2:$B$1955,MATCH(#REF!&"_"&ROW()-1,SAISIE!$I$2:$I$1955,0))) | C47: =IF(COUNTIF(SAISIE!$I$2:$I$1955,"*"&#REF!&"*")<ROW()-1,"",INDEX(SAISIE!$C$2:$C$1955,MATCH(#REF!&"_"&ROW()-1,SAISIE!$I$2:$I$1955,0))) | D47: =IF(COUNTIF(SAISIE!$I$2:$I$1955,"*"&#REF!&"*")<ROW()-1,"",INDEX(SAISIE!$H$2:$H$1955,MATCH(#REF!&"_"&ROW()-1,SAISIE!$I$2:$I$1955,0)))
A48: =IF(COUNTIF(SAISIE!$I$2:$I$1955,"*"&#REF!&"*")<ROW()-1,"",INDEX(SAISIE!$A$2:$A$1955,MATCH(#REF!&"_"&ROW()-1,SAISIE!$I$2:$I$1955,0))) | B48: =IF(COUNTIF(SAISIE!$I$2:$I$1955,"*"&#REF!&"*")<ROW()-1,"",INDEX(SAISIE!$B$2:$B$1955,MATCH(#REF!&"_"&ROW()-1,SAISIE!$I$2:$I$1955,0))) | C48: =IF(COUNTIF(SAISIE!$I$2:$I$1955,"*"&#REF!&"*")<ROW()-1,"",INDEX(SAISIE!$C$2:$C$1955,MATCH(#REF!&"_"&ROW()-1,SAISIE!$I$2:$I$1955,0))) | D48: =IF(COUNTIF(SAISIE!$I$2:$I$1955,"*"&#REF!&"*")<ROW()-1,"",INDEX(SAISIE!$H$2:$H$1955,MATCH(#REF!&"_"&ROW()-1,SAISIE!$I$2:$I$1955,0)))
A49: =IF(COUNTIF(SAISIE!$I$2:$I$1955,"*"&#REF!&"*")<ROW()-1,"",INDEX(SAISIE!$A$2:$A$1955,MATCH(#REF!&"_"&ROW()-1,SAISIE!$I$2:$I$1955,0))) | B49: =IF(COUNTIF(SAISIE!$I$2:$I$1955,"*"&#REF!&"*")<ROW()-1,"",INDEX(SAISIE!$B$2:$B$1955,MATCH(#REF!&"_"&ROW()-1,SAISIE!$I$2:$I$1955,0))) | C49: =IF(COUNTIF(SAISIE!$I$2:$I$1955,"*"&#REF!&"*")<ROW()-1,"",INDEX(SAISIE!$C$2:$C$1955,MATCH(#REF!&"_"&ROW()-1,SAISIE!$I$2:$I$1955,0))) | D49: =IF(COUNTIF(SAISIE!$I$2:$I$1955,"*"&#REF!&"*")<ROW()-1,"",INDEX(SAISIE!$H$2:$H$1955,MATCH(#REF!&"_"&ROW()-1,SAISIE!$I$2:$I$1955,0)))
A50: =IF(COUNTIF(SAISIE!$I$2:$I$1955,"*"&#REF!&"*")<ROW()-1,"",INDEX(SAISIE!$A$2:$A$1955,MATCH(#REF!&"_"&ROW()-1,SAISIE!$I$2:$I$1955,0))) | B50: =IF(COUNTIF(SAISIE!$I$2:$I$1955,"*"&#REF!&"*")<ROW()-1,"",INDEX(SAISIE!$B$2:$B$1955,MATCH(#REF!&"_"&ROW()-1,SAISIE!$I$2:$I$1955,0))) | C50: =IF(COUNTIF(SAISIE!$I$2:$I$1955,"*"&#REF!&"*")<ROW()-1,"",INDEX(SAISIE!$C$2:$C$1955,MATCH(#REF!&"_"&ROW()-1,SAISIE!$I$2:$I$1955,0))) | D50: =IF(COUNTIF(SAISIE!$I$2:$I$1955,"*"&#REF!&"*")<ROW()-1,"",INDEX(SAISIE!$H$2:$H$1955,MATCH(#REF!&"_"&ROW()-1,SAISIE!$I$2:$I$1955,0)))

Sheet N° des Comptes
F1: 421000
F2: 431100
F3: 437300
F4: 437350
F5: 437400
F6: 437800
F7: 442100
F8: 467010
F9: 467020
F10: 467030
F11: 467050
F12: 467080
... F41: 791240
